Workbook

Sheet precios historicos
A1: 5.2 PRECIOS HISTORICOS
A3: ÍTEM | B3: ENTIDAD CONTRATANTE Y CONTRATISTA | C3: NÚMERO DE CONTRATO | D3: CUPS | E3: DESCRIPCION CUPS | F3: OBSERVACION CLINICA IMBANACO | G3: OBSERVACIÓN SANIDAD 4 | H3: TARIFA CLINICA IMBANACO | I3: VALOR UNITARIO PROYECTADO CON IPC
A4: 1 | B4: CLINICA IMBANACO S.A.S. Y REGIONAL DE ASEGURAMIENTO EN SALUD No. 4 | C4: 66-7-20140-22 | D4: 10101 | E4: PUNCION CISTERNAL, VIA LATERAL | F4: LA TARIFA INCLUYE SOLO HONORARIOS MEDICOS | H4: 1575000 | I4: =+(H4*13.12%)+H4 -> 1781640
A5: 2 | D5: 10102 | E5: PUNCION CISTERNAL, VIA MEDIAL | F5: LA TARIFA INCLUYE SOLO HONORARIOS MEDICOS | H5: 1575000 | I5: =+(H5*13.12%)+H5 -> 1781640
A6: 3 | D6: 10202 | E6: PUNCION (ASPIRACION DE LIQUIDO) VENTRICULAR POR TREPANACION (SIN CATETER) | F6: LA TARIFA INCLUYE SOLO HONORARIOS MEDICOS | H6: 2362500 | I6: =+(H6*13.12%)+H6 -> 2672460
A7: 4 | D7: 10204 | E7: PUNCION (ASPIRACION DE LIQUIDO) VENTRICULAR, VIA TRANSFONTANELAR | F7: LA TARIFA INCLUYE SOLO HONORARIOS MEDICOS | H7: 1800000 | I7: =+(H7*13.12%)+H7 -> 2036160
A8: 5 | D8: 10205 | E8: PUNCION (ASPIRACION DE LIQUIDO) VENTRICULAR | F8: LA TARIFA INCLUYE SOLO HONORARIOS MEDICOS | H8: 1800000 | I8: =+(H8*13.12%)+H8 -> 2036160
A9: 6 | D9: 10901 | E9: PUNCION SUBDURAL | F9: LA TARIFA INCLUYE SOLO HONORARIOS MEDICOS | H9: 2362500 | I9: =+(H9*13.12%)+H9 -> 2672460
A10: 7 | D10: 11101 | E10: BIOPSIA OSEA EN CRANEO POR CRANEOTOMIA | F10: LA TARIFA INCLUYE SOLO HONORARIOS MEDICOS | H10: 4950000 | I10: =+(H10*13.12%)+H10 -> 5599440
A11: 8 | D11: 11102 | E11: BIOPSIA OSEA EN CRANEO POR CRANIECTOMIA | F11: LA TARIFA INCLUYE SOLO HONORARIOS MEDICOS | H11: 4950000 | I11: =+(H11*13.12%)+H11 -> 5599440
A12: 9 | D12: 11201 | E12: BIOPSIA DE MENINGE, POR CRANEOTOMIA | F12: LA TARIFA INCLUYE SOLO HONORARIOS MEDICOS | H12: 5625000 | I12: =+(H12*13.12%)+H12 -> 6363000
A13: 10 | D13: 12101 | E13: CRANEALIZACION DE SENO FRONTAL | F13: LA TARIFA INCLUYE SOLO HONORARIOS MEDICOS | H13: 5625000 | I13: =+(H13*13.12%)+H13 -> 6363000
A14: 11 | D14: 12102 | E14: INCISION Y DRENAJE DE SENO FRONTAL | F14: LA TARIFA INCLUYE SOLO HONORARIOS MEDICOS | H14: 8437500 | I14: =+(H14*13.12%)+H14 -> 9544500
A15: 12 | D15: 12103 | E15: DESFUNCIONALIZACION DE SENO FRONTAL | F15: LA TARIFA INCLUYE SOLO HONORARIOS MEDICOS | H15: 7875000 | I15: =+(H15*13.12%)+H15 -> 8908200
A16: 13 | D16: 12300 | E16: REAPERTURA DE CRANEOTOMIA SOD | F16: LA TARIFA INCLUYE SOLO HONORARIOS MEDICOS | H16: 4500000 | I16: =+(H16*13.12%)+H16 -> 5090400
... A57: 54 | D57: 15405 | E57: RESECCION DE TUMOR O LESION DE LA BASE DEL CRANEO FOSA POSTERIOR, VIA | F57: LA TARIFA INCLUYE SOLO HONORARIOS MEDICOS | H57: 26578125 | I57: =+(H57*13.12%)+H57 -> 30065175
E58: MAXILOTOMIA EXTENDIDA | I58: =+(H58*13.12%)+H58 -> 0
A59: 55 | D59: 15407 | E59: RESECCION DE TUMOR O LESION DE LA BASE DEL CRANEO FOSA POSTERIOR, VIA TRANSCOCLEAR | F59: LA TARIFA INCLUYE SOLO HONORARIOS MEDICOS | H59: 26578125 | I59: =+(H59*13.12%)+H59 -> 30065175
A60: 56 | D60: 15501 | E60: TOMA DE INJERTO OSEO DE CRANEO | F60: LA TARIFA INCLUYE SOLO HONORARIOS MEDICOS | H60: 1237500 | I60: =+(H60*13.12%)+H60 -> 1399860
A61: 57 | D61: 16101 | E61: RESECCION TUMOR DE MENINGE CEREBRAL, POR CRANEOTOMIA | F61: LA TARIFA INCLUYE SOLO HONORARIOS MEDICOS | H61: 4275000 | I61: =+(H61*13.12%)+H61 -> 4835880
A62: 58 | D62: 16102 | E62: RESECCION TUMOR DE MENINGE CEREBRAL, POR CRANIECTOMIA CON DUROPLASTIA Y CRANEOPLASTIA | F62: LA TARIFA INCLUYE SOLO HONORARIOS MEDICOS | H62: 6862500 | I62: =+(H62*13.12%)+H62 -> 7762860
A63: 59 | D63: 16103 | E63: RESECCION DE TUMORES EN MENINGES CEREBRALES | F63: LA TARIFA INCLUYE SOLO HONORARIOS MEDICOS | H63: 14062500 | I63: =+(H63*13.12%)+H63 -> 15907500
A64: 60 | D64: 16401 | E64: DRENAJE DE QUISTE ARACNOIDEO GUIADO POR ESTEREOTAXIA | F64: LA TARIFA INCLUYE SOLO HONORARIOS MEDICOS | H64: 5625000 | I64: =+(H64*13.12%)+H64 -> 6363000
A65: 61 | D65: 17001 | E65: DRENAJE DE COLECCIONES INTRACEREBRALES, POR CRANEOTOMIA | F65: LA TARIFA INCLUYE SOLO HONORARIOS MEDICOS | H65: 14765625 | I65: =+(H65*13.12%)+H65 -> 16702875
A66: 62 | D66: 17003 | E66: DRENAJE DE COLECCIONES INTRACEREBRALES, POR PUNCION DIRIGIDA | F66: LA TARIFA INCLUYE SOLO HONORARIOS MEDICOS | H66: 6300000 | I66: =+(H66*13.12%)+H66 -> 7126560
A67: 63 | D67: 17004 | E67: DRENAJE DE COLECCIONES INTRACEREBRALES DE FOSA POSTERIOR, POR CRANEOTOMIA SUBOCCIPITAL | F67: LA TARIFA INCLUYE SOLO HONORARIOS MEDICOS | H67: 19406250 | I67: =+(H67*13.12%)+H67 -> 21952350
A68: 64 | D68: 17206 | E68: RESECCION DE TUMORES SUPRATENTORIALES HEMISFERICOS | F68: LA TARIFA INCLUYE SOLO HONORARIOS MEDICOS | H68: 16875000 | I68: =+(H68*13.12%)+H68 -> 19089000
A69: 65 | D69: 17209 | E69: DRENAJE DE QUISTE TUMORAL SUPRATENTORIAL | F69: LA TARIFA INCLUYE SOLO HONORARIOS MEDICOS | H69: 8662500 | I69: =+(H69*13.12%)+H69 -> 9799020
A70: 66 | D70: 17301 | E70: RESECCION TUMOR INTRACEREBELOSO, POR CRANEOTOMIA SUBOCCIPITAL | F70: LA TARIFA INCLUYE SOLO HONORARIOS MEDICOS | H70: 26578125 | I70: =+(H70*13.12%)+H70 -> 30065175
... A186: 182 | D186: 44202 | E186: DESCOMPRESION INTRACANALICULAR DE NERVIO OPTICO, VIA TRANSNASAL | F186: LA TARIFA INCLUYE SOLO HONORARIOS MEDICOS | H186: 5625000 | I186: =+(H186*13.12%)+H186 -> 6363000
E187: ENDOSCOPICA | I187: =+(H187*13.12%)+H187 -> 0
A188: 183 | D188: 44204 | E188: DESCOMPRESION NEUROVASCULAR DE NERVIO ACUSTICO VESTIBULAR | F188: LA TARIFA INCLUYE SOLO HONORARIOS MEDICOS | H188: 7987500 | I188: =+(H188*13.12%)+H188 -> 9035460
A189: 184 | D189: 44206 | E189: DESCOMPRESION NEUROVASCULAR DE NERVIO FACIAL, POR CRANEOTOMIA | F189: LA TARIFA INCLUYE SOLO HONORARIOS MEDICOS | H189: 7987500 | I189: =+(H189*13.12%)+H189 -> 9035460
E190: SUBOCCIPITAL | I190: =+(H190*13.12%)+H190 -> 0
A191: 185 | D191: 44207 | E191: DESCOMPRESION DE NERVIO FACIAL INTRATEMPORAL VIA TRANSLABERINTICA | F191: LA TARIFA INCLUYE SOLO HONORARIOS MEDICOS | H191: 7987500 | I191: =+(H191*13.12%)+H191 -> 9035460
A192: 186 | D192: 44209 | E192: DESCOMPRESION DE OTRO NERVIO CRANEAL | F192: LA TARIFA INCLUYE SOLO HONORARIOS MEDICOS | H192: 7875000 | I192: =+(H192*13.12%)+H192 -> 8908200
A193: 187 | D193: 44520 | E193: DESCOMPRESION DE NERVIO EN MUSLO VIA ABIERTA | F193: LA TARIFA INCLUYE SOLO HONORARIOS MEDICOS | H193: 1800000 | I193: =+(H193*13.12%)+H193 -> 2036160
A194: 188 | D194: 44525 | E194: DESCOMPRESION DE NERVIO EN TOBILLO VIA ABIERTA | F194: LA TARIFA INCLUYE SOLO HONORARIOS MEDICOS | H194: 1800000 | I194: =+(H194*13.12%)+H194 -> 2036160
A195: 189 | D195: 44527 | E195: DESCOMPRESION DE NERVIO EN PIE VIA ABIERTA | F195: LA TARIFA INCLUYE SOLO HONORARIOS MEDICOS | H195: 16875000 | I195: =+(H195*13.12%)+H195 -> 19089000
A196: 190 | D196: 45102 | E196: INJERTO DE NERVIO PERIFERICO | F196: LA TARIFA INCLUYE SOLO HONORARIOS MEDICOS | H196: 1125000 | I196: =+(H196*13.12%)+H196 -> 1272600
A197: 191 | D197: 46104 | E197: TRANSPOSICION DE NERVIO PERIFERICO MIEMBRO INFERIOR VIA ABIERTA | F197: LA TARIFA INCLUYE SOLO HONORARIOS MEDICOS | H197: 1350000 | I197: =+(H197*13.12%)+H197 -> 1527120
A198: 192 | D198: 48101 | E198: BLOQUEO DE NERVIO TRIGEMINAL O ESFENOPALATINO | F198: LA TARIFA INCLUYE SOLO HONORARIOS MEDICOS | H198: 1125000 | I198: =+(H198*13.12%)+H198 -> 1272600
A199: 193 | D199: 48402 | E199: INYECCION DE ANESTESIA EN ARTICULACION SACROILIACA CON FINES | F199: LA TARIFA INCLUYE SOLO HONORARIOS MEDICOS | H199: 3712500 | I199: =+(H199*13.12%)+H199 -> 4199580
E200: ANALGESICOS | I200: =+(H200*13.12%)+H200 -> 0
A201: 194 | D201: 51100 | E201: BIOPSIA DE NERVIO O GANGLIO SIMPATICO SOD | F201: LA TARIFA INCLUYE SOLO HONORARIOS MEDICOS | H201: 1237500 | I201: =+(H201*13.12%)+H201 -> 1399860
A202: 195 | D202: 52101 | E202: GANGLIONECTOMIA ESFENOPALATINA | F202: LA TARIFA INCLUYE SOLO HONORARIOS MEDICOS | H202: 4162500 | I202: =+(H202*13.12%)+H202 -> 4708620
A203: 196 | D203: 52102 | E203: GANGLIONECTOMIA | F203: LA TARIFA INCLUYE SOLO HONORARIOS MEDICOS | H203: 3375000 | I203: =+(H203*13.12%)+H203 -> 3817800
A204: 197 | D204: 52300 | E204: SIMPATECTOMIA LUMBAR SOD | F204: LA TARIFA INCLUYE SOLO HONORARIOS MEDICOS | H204: 3375000 | I204: =+(H204*13.12%)+H204 -> 3817800
A205: 198 | D205: 52401 | E205: SIMPATECTOMIA PRESACRA POR LAPAROTOMIA | F205: LA TARIFA INCLUYE SOLO HONORARIOS MEDICOS | H205: 3375000 | I205: =+(H205*13.12%)+H205 -> 3817800
A206: 199 | D206: 52402 | E206: SIMPATECTOMIA PRESACRA POR LAPAROSCOPIA | F206: LA TARIFA INCLUYE SOLO HONORARIOS MEDICOS | H206: 3375000 | I206: =+(H206*13.12%)+H206 -> 3817800
A207: 200 | D207: 52601 | E207: RESECCION DE TUMOR EN NERVIO O GANGLIO SIMPATICO | F207: LA TARIFA INCLUYE SOLO HONORARIOS MEDICOS | H207: 5850000 | I207: =+(H207*13.12%)+H207 -> 6617520
A208: 201 | D208: 52602 | E208: RESECCION DE TUMOR EN NERVIO O GANGLIO SIMPATICO CERVICAL | F208: LA TARIFA INCLUYE SOLO HONORARIOS MEDICOS | H208: 6525000 | I208: =+(H208*13.12%)+H208 -> 7381080
A209: 202 | D209: 52604 | E209: TIMPANOSIMPATECTOMIA [NEURECTOMIA DEL JACOBSON] | F209: LA TARIFA INCLUYE SOLO HONORARIOS MEDICOS | H209: 4500000 | I209: =+(H209*13.12%)+H209 -> 5090400
A210: 203 | D210: 53102 | E210: BLOQUEO DE PLEJO BRAQUIAL | F210: LA TARIFA INCLUYE SOLO HONORARIOS MEDICOS | H210: 1125000 | I210: =+(H210*13.12%)+H210 -> 1272600
A211: 204 | D211: 53106 | E211: BLOQUEO PARACERVICAL BILATERAL | F211: LA TARIFA INCLUYE SOLO HONORARIOS MEDICOS | H211: 1125000 | I211: =+(H211*13.12%)+H211 -> 1272600
A212: 205 | D212: 53109 | E212: BLOQUEO DE NERVIOS PUDENDOS | F212: LA TARIFA INCLUYE SOLO HONORARIOS MEDICOS | H212: 1125000 | I212: =+(H212*13.12%)+H212 -> 1272600
... A264: 257 | D264: 120001 | E264: EXTRACCION DE CUERPO EXTRAÑO INTRAOCULAR DEL SEGMENTO ANTERIOR DE | F264: LA TARIFA INCLUYE SOLO HONORARIOS MEDICOS | H264: 1912500 | I264: =+(H264*13.12%)+H264 -> 2163420
E265: OJO | I265: =+(H265*13.12%)+H265 -> 0
A266: 258 | D266: 121301 | E266: REDUCCION DE HERNIA DE IRIS | F266: LA TARIFA INCLUYE SOLO HONORARIOS MEDICOS | H266: 1462500 | I266: =+(H266*13.12%)+H266 -> 1654380
A267: 259 | D267: 121401 | E267: IRIDECTOMIA (BASAL, PERIFERICA Y TOTAL) | F267: LA TARIFA INCLUYE SOLO HONORARIOS MEDICOS | H267: 1800000 | I267: =+(H267*13.12%)+H267 -> 2036160
A268: 260 | D268: 122101 | E268: PARACENTESIS DIAGNOSTICA DE CAMARA ANTERIOR DEL OJO | F268: LA TARIFA INCLUYE SOLO HONORARIOS MEDICOS | H268: 1125000 | I268: =+(H268*13.12%)+H268 -> 1272600
A269: 261 | D269: 123001 | E269: IRIDOPLASTIA MANUAL | F269: LA TARIFA INCLUYE SOLO HONORARIOS MEDICOS | H269: 2025000 | I269: =+(H269*13.12%)+H269 -> 2290680
A270: 262 | D270: 123401 | E270: REPARACION O SUTURA DE IRIDODIALISIS | F270: LA TARIFA INCLUYE SOLO HONORARIOS MEDICOS | H270: 2025000 | I270: =+(H270*13.12%)+H270 -> 2290680
A271: 263 | D271: 124201 | E271: RESECCION DE TUMOR DE IRIS | F271: LA TARIFA INCLUYE SOLO HONORARIOS MEDICOS | H271: 2025000 | I271: =+(H271*13.12%)+H271 -> 2290680
A272: 264 | D272: 124304 | E272: ABLACION DE LESION DE CUERPO CILIAR VIA EXTERNA | F272: LA TARIFA INCLUYE SOLO HONORARIOS MEDICOS | H272: 2250000 | I272: =+(H272*13.12%)+H272 -> 2545200
A273: 265 | D273: 124401 | E273: RESECCION DE LESION O TUMOR EN CUERPO CILIAR | F273: LA TARIFA INCLUYE SOLO HONORARIOS MEDICOS | H273: 2250000 | I273: =+(H273*13.12%)+H273 -> 2545200
A274: 266 | D274: 125101 | E274: GONIOTOMIA | F274: LA TARIFA INCLUYE SOLO HONORARIOS MEDICOS | H274: 1575000 | I274: =+(H274*13.12%)+H274 -> 1781640
A275: 267 | D275: 125501 | E275: CICLODIALISIS (DESINSERCION PARCIAL DEL CUERPO CILIAR) | F275: LA TARIFA INCLUYE SOLO HONORARIOS MEDICOS | H275: 1125000 | I275: =+(H275*13.12%)+H275 -> 1272600
A276: 268 | D276: 126304 | E276: CANALOPLASTIA | F276: LA TARIFA INCLUYE SOLO HONORARIOS MEDICOS | H276: 3375000 | I276: =+(H276*13.12%)+H276 -> 3817800
A277: 269 | D277: 126403 | E277: TRABECULECTOMIA CONVENCIONAL | F277: LA TARIFA INCLUYE SOLO HONORARIOS MEDICOS | H277: 5377500 | I277: =+(H277*13.12%)+H277 -> 6083028
... A285: 277 | D285: 130004 | E285: EXTRACCION EXTRACAPSULAR DE CRISTALINO EN PRESENCIA DE AMPOLLA | F285: LA TARIFA INCLUYE SOLO HONORARIOS MEDICOS | H285: 2250000 | I285: =+(H285*13.12%)+H285 -> 2545200
E286: FILTRANTE PREVIA | I286: =+(H286*13.12%)+H286 -> 0
A287: 278 | D287: 136504 | E287: CAPSULOTOMIA MANUAL | F287: LA TARIFA INCLUYE SOLO HONORARIOS MEDICOS | H287: 1282500 | I287: =+(H287*13.12%)+H287 -> 1450764
A288: 279 | D288: 142004 | E288: ABLACION DE LESION CORIORETINAL | F288: LA TARIFA INCLUYE SOLO HONORARIOS MEDICOS | H288: 2475000 | I288: =+(H288*13.12%)+H288 -> 2799720
A289: 280 | D289: 143401 | E289: REPARACION ASISTIDA DE LESION RETINAL POR RETINOPEXIA | F289: LA TARIFA INCLUYE SOLO HONORARIOS MEDICOS | H289: 3600000 | I289: =+(H289*13.12%)+H289 -> 4072320
A290: 281 | D290: 143404 | E290: REPARACION DE LESION RETINAL POR RETINOPEXIA NEUMATICA | F290: LA TARIFA INCLUYE SOLO HONORARIOS MEDICOS | H290: 4500000 | I290: =+(H290*13.12%)+H290 -> 5090400
A291: 282 | D291: 147101 | E291: VITRECTOMIA ANTERIOR | F291: LA TARIFA INCLUYE SOLO HONORARIOS MEDICOS | H291: 3037500 | I291: =+(H291*13.12%)+H291 -> 3436020
A292: 283 | D292: 147104 | E292: VITRECTOMIA ANTERIOR CON RETIRO DE MATERIAL IMPLANTADO | F292: LA TARIFA INCLUYE SOLO HONORARIOS MEDICOS | H292: 2475000 | I292: =+(H292*13.12%)+H292 -> 2799720
A293: 284 | D293: 147404 | E293: VITRECTOMIA POSTERIOR SIN INSERCION DE SILICON O GASES | F293: LA TARIFA INCLUYE SOLO HONORARIOS MEDICOS | H293: 5625000 | I293: =+(H293*13.12%)+H293 -> 6363000
A294: 285 | D294: 147406 | E294: VITRECTOMIA POSTERIOR CON RETIRO DE CUERPO EXTRAÑO INTRAOCULAR | F294: LA TARIFA INCLUYE SOLO HONORARIOS MEDICOS | H294: 3487500 | I294: =+(H294*13.12%)+H294 -> 3945060
A295: 286 | D295: 152001 | E295: ALARGAMIENTO EN UN MUSCULO EXTRAOCULAR | F295: LA TARIFA INCLUYE SOLO HONORARIOS MEDICOS | H295: 1800000 | I295: =+(H295*13.12%)+H295 -> 2036160
A296: 287 | D296: 152003 | E296: ACORTAMIENTO EN UN MUSCULO EXTRAOCULAR | F296: LA TARIFA INCLUYE SOLO HONORARIOS MEDICOS | H296: 1800000 | I296: =+(H296*13.12%)+H296 -> 2036160
A297: 288 | D297: 160201 | E297: ORBITOTOMIA CON INSERCION DE IMPLANTE ORBITAL | F297: LA TARIFA INCLUYE SOLO HONORARIOS MEDICOS | H297: 16875000 | I297: =+(H297*13.12%)+H297 -> 19089000
A298: 289 | D298: 161101 | E298: EXTRACCION DE CUERPO EXTRAÑO EN ORBITA | F298: LA TARIFA INCLUYE SOLO HONORARIOS MEDICOS | H298: 16875000 | I298: =+(H298*13.12%)+H298 -> 19089000
... A301: 292 | D301: 166101 | E301: INSERCION SECUNDARIA DE PROTESIS CON FORMACION DE FONDOS DE SACO | F301: LA TARIFA INCLUYE SOLO HONORARIOS MEDICOS | H301: 14062500 | I301: =+(H301*13.12%)+H301 -> 15907500
E302: CONJUNTIVALES
A303: 293 | D303: 166301 | E303: REVISION E INSERCION DE IMPLANTE ORBITARIO | F303: LA TARIFA INCLUYE SOLO HONORARIOS MEDICOS | H303: 14062500 | I303: =+(H303*13.12%)+H303 -> 15907500
A304: 294 | D304: 168401 | E304: DESCOMPRESION DE ORBITA VIA TECHO DE ORBITA | F304: LA TARIFA INCLUYE SOLO HONORARIOS MEDICOS | H304: 37968750 | I304: =+(H304*13.12%)+H304 -> 42950250
A305: 295 | D305: 169001 | E305: INYECCION INTRAORBITARIA DE SUSTANCIA TERAPEUTICA | F305: LA TARIFA INCLUYE SOLO HONORARIOS MEDICOS | H305: 1575000 | I305: =+(H305*13.12%)+H305 -> 1781640
A306: 296 | D306: 169002 | E306: INYECCION INTRAPALPEBRAL DE SUSTANCIA TERAPEUTICA | F306: LA TARIFA INCLUYE SOLO HONORARIOS MEDICOS | H306: 1125000 | I306: =+(H306*13.12%)+H306 -> 1272600
A307: 297 | D307: 169003 | E307: INYECCION SUBCONJUNTIVAL DE SUSTANCIA TERAPEUTICA | F307: LA TARIFA INCLUYE SOLO HONORARIOS MEDICOS | H307: 1575000 | I307: =+(H307*13.12%)+H307 -> 1781640
A308: 298 | D308: 169004 | E308: INYECCION INTRACORNEAL DE SUSTANCIA TERAPEUTICA | F308: LA TARIFA INCLUYE SOLO HONORARIOS MEDICOS | H308: 1575000 | I308: =+(H308*13.12%)+H308 -> 1781640
A309: 299 | D309: 169005 | E309: INYECCION EN CAMARA ANTERIOR DE SUSTANCIA TERAPEUTICA | F309: LA TARIFA INCLUYE SOLO HONORARIOS MEDICOS | H309: 1350000 | I309: =+(H309*13.12%)+H309 -> 1527120
A310: 300 | D310: 169203 | E310: DRENAJE DE COLECCION ANTERIOR DE ORBITA | F310: LA TARIFA INCLUYE SOLO HONORARIOS MEDICOS | H310: 14062500 | I310: =+(H310*13.12%)+H310 -> 15907500
A311: 301 | D311: 169204 | E311: DRENAJE DE COLECCION POSTERIOR DE ORBITA | F311: LA TARIFA INCLUYE SOLO HONORARIOS MEDICOS | H311: 14062500 | I311: =+(H311*13.12%)+H311 -> 15907500
A312: 302 | D312: 170005 | E312: PETROSECTOMIA | F312: LA TARIFA INCLUYE SOLO HONORARIOS MEDICOS | H312: 2925000 | I312: =+(H312*13.12%)+H312 -> 3308760
A313: 303 | D313: 170009 | E313: RESECCION DE TUMOR O LESION DE OIDO MEDIO VIA TRANSCANAL | F313: LA TARIFA INCLUYE SOLO HONORARIOS MEDICOS | H313: 4050000 | I313: =+(H313*13.12%)+H313 -> 4581360
A314: 304 | D314: 170010 | E314: RESECCION DE TUMOR O LESION DE OIDO MEDIO Y MASTOIDES VIA | F314: LA TARIFA INCLUYE SOLO HONORARIOS MEDICOS | H314: 4500000 | I314: =+(H314*13.12%)+H314 -> 5090400
E315: TRANSMASTOIDEA
A316: 305 | D316: 170011 | E316: RESECCION DE TUMOR O LESION DE OIDO MEDIO Y DEL FORAMEN YUGULAR VIA FOSA INFRATEMPORAL | F316: LA TARIFA INCLUYE SOLO HONORARIOS MEDICOS | H316: 4500000 | I316: =+(H316*13.12%)+H316 -> 5090400
...

Sheet precios del mercado
A1: 5.4 PRECIOS DEL MERCADO
A3: ITEMS | B3: CODIGOS CUPS | C3: DESCRIPCION | D3: VALOR DEL MERCADO | E3: OBSERVACION
A4: 1 | B4: 115401 | C4: RECUBRIMIENTO DE CORNEA CON COLGAJO CONJUNTIVAL | D4: 1451700
A5: 2 | B5: 115402 | C5: RECUBRIMIENTO DE CORNEA CON INJERTO | D5: 1451700
A6: 3 | B6: 116101 | C6: QUERATOPLASTIA LAMELAR ANTERIOR MANUAL | D6: 5841000
A7: 4 | B7: 116102 | C7: QUERATOPLASTIA LAMELAR ANTERIOR ASISTIDA | D7: 5841000
A8: 5 | B8: 137003 | C8: INSERCION DE LENTE INTRAOCULAR EN CAMARA POSTERIOR SOBRE RESTOS CAPSULARES | D8: 3910680
A9: 6 | B9: 157101 | C9: REPARACION DE LESION EN MUSCULO EXTRAOCULAR, TENDON O CAPSULA DE TENON | D9: 2252340
A10: 7 | B10: 237102 | C10: PULPOTOMIA | D10: 185200 | E10: En caso de ser requerida la participación del médico anestesiólogo, el honorario será facturado con los códigos 998701 o 998702, según el tipo de Anestesia administrada al paciente.
A11: 8 | B11: 237301 | C11: TERAPIA DE CONDUCTO RADICULAR EN DIENTE UNIRRADICULAR | D11: 356200
A12: 9 | B12: 237601 | C12: FISTULIZACION ENDODONTICA POR TREPANACION Y DRENAJE | D12: 213700 | E12: En caso de ser requerida la participación del médico anestesiólogo, el honorario será facturado con los códigos 998701 o 998702, según el tipo de Anestesia administrada al paciente.
A13: 10 | B13: 237602 | C13: FISTULIZACION ENDODONTICA POR INCISION | D13: 213700 | E13: En caso de ser requerida la participación del médico anestesiólogo, el honorario será facturado con los códigos 998701 o 998702, según el tipo de Anestesia administrada al paciente.
A14: 11 | B14: 243303 | C14: ENUCLEACION DE QUISTE EPIDERMOIDE | D14: 641400
A15: 12 | B15: 342101 | C15: TORACOSCOPIA DIAGNOSTICA | D15: 8208720
A16: 13 | B16: 358904 | C16: DILATACION DE DUCTUS ARTERIOSO (ANGIOPLASTIA O IMPLANTE DE DISPOSITIVO) VIA PERCUTANEA (ENDOVASCULAR) | D16: 2591100
A17: 14 | B17: 361801 | C17: ANASTOMOSIS SIMPLE DE ARTERIA CIRCUNFLEJA CON INJERTO VENOSO VIA ABIERTA | D17: 6287220
A18: 15 | B18: 372102 | C18: CATETERISMO CARDIACO DEL LADO DERECHO DEL CORAZON CON PRUEBA DE SUSTANCIA TERAPEUTICA | D18: 1462320
A19: 16 | B19: 373413 | C19: MODULACION DE SUSTRATO ARRITMICO (AURICULAR O VENTRICULAR) ENDOCARDICA | D19: 26633025
A20: 17 | B20: 378102 | C20: INSERCION [IMPLANTACION] DE MARCAPASO TEMPORAL (TRANSITORIO) VIA PERCUTANEA (ENDOVASCULAR) | D20: 966600
A21: 18 | B21: 380401 | C21: TROMBOEMBOLECTOMIA ARTERIAL TORACICA | D21: 4366620
A22: 19 | B22: 380403 | C22: TROMBOLISIS EN VASOS TORACICOS | D22: 4366620
A23: 20 | B23: 385208 | C23: EMBOLIZACION DE EPISTAXIS VIA ENDOVASCULAR | D23: 8843580
A24: 21 | B24: 385521 | C24: OCLUSION DE COLATERALES AORTO PULMONARES VIA PERCUTANEA (ENDOVASCULAR) | D24: 2610180
A25: 22 | B25: 389103 | C25: INSERCION DE CATETER CENTRAL, VIA PERIFERICA | D25: 2504880 | E25: Aplica para la inserción de catéteres diferentes a los ofertados como paquete (Catéter PICC, Catéter para quimioterapia en niños, y Catéter Mahurkar)
A26: 23 | B26: 389104 | C26: INSERCION DE CATETER CENTRAL VIA ABIERTA | D26: 1132950
A27: 24 | B27: 395027 | C27: ANGIOPLASTIA DE VENAS PULMONARES VIA PERCUTANEA (ENDOVASCULAR) | D27: 2513700
A28: 25 | B28: 395101 | C28: DENERVACION DE ARTERIAS RENALES VIA PERCUTANEA (ENDOVASCULAR) | D28: 7567200
A29: 26 | B29: 449502 | C29: BAIPAS O DERIVACION O PUENTE DUODENAL PARA REFLUJO DUODENOGASTRICO VIA LAPAROSCOPICA | D29: 15259500
A30: 27 | B30: 457102 | C30: COLECTOMIA PARCIAL CON COLOSTOMIA O ILEOSTOMIA Y FISTULA MUCOSA VIA LAPAROSCOPICA | D30: 6390000
A31: 28 | B31: 502208 | C31: HEPATECTOMIA DE UN SEGMENTO VIA ABIERTA | D31: 5387040
A32: 29 | B32: 502209 | C32: HEPATECTOMIA DE UN SEGMENTO VIA LAPAROSCOPICA | D32: 6733440
A33: 30 | B33: 521004 | C33: BIOPSIA DE PANCREAS VIA ENDOSCOPICA | D33: 1554660
A34: 31 | B34: 534002 | C34: HERNIORRAFIA UMBILICAL VIA LAPAROSCOPICA | D34: 3454200
A35: 32 | B35: 540014 | C35: DRENAJE DE COLECCION INTRAPERITONEAL VIA PERCUTANEA | D35: 2133800 | E35: La tarifa incluye una tomografía computada de abdomen y pelvis (abdomen total), los honorarios de médico Radiólogo que efectúa el procedimientos,los insumos y medicamentos utilizados para la realización del estudio. Excluye: Estudio de patología, Anestesia o Sedación (honorarios, medicamentos e insumos)
A36: 33 | B36: 542102 | C36: LAPAROSCOPIA DE PRECISION (ESTADIFICACION) | D36: 4040100
A37: 34 | B37: 554003 | C37: NEFRECTOMIA PARCIAL POR LAPAROSCOPIA | D37: 10599120
A38: 35 | B38: 621911 | C38: EXPLORACION ABDOMINAL DE TESTICULO NO DESCENDIDO POR LAPAROSCOPIA | D38: 5751000 | E38: LAS 225 UVR APLICAN SI EL PROCEDIMIENTO ES BILATERAL, CUANDO SE REALICE UNILATERAL, SE LIQUIDA POR 120 UVR
A39: 36 | B39: 637300 | C39: VASECTOMIA SOD | D39: 1661400
A40: 37 | B40: 691201 | C40: ESCISION Y ABLACION DE ENDOMETROSIS ESTADOS I Y II POR LAPAROSCOPIA | D40: 1789200
A41: 38 | B41: 773005 | C41: OSTEOCONDROPLASTIA ACETABULAR POR ARTROSCOPIA | D41: 9065340
A42: 39 | B42: 773007 | C42: REPARACION DEL LABRUM ACETABULAR VIA ARTROSCOPICA | D42: 9065340
A43: 40 | B43: 783403 | C43: ALARGAMIENTO DE METACARPIANOS (UNO O MAS) POR TECNICA DE DISTRACCION SIN (CORTICOTOMIA, OSTEOTOMIA) | D43: 4698180
A44: 41 | B44: 815401 | C44: REEMPLAZO TOTAL DE RODILLA BICOMPARTIMENTAL | D44: 5112000
A45: 42 | B45: 819406 | C45: RECONSTRUCCION DE TENDONES PERONEOS VIA ABIERTA | D45: 3132180
A46: 43 | B46: 819601 | C46: ARTRODIASTASIS CON FIJADOR EXTERNO | D46: 16612875
A47: 44 | B47: 828907 | C47: RECONSTRUCCION DE LIGAMENTOS EN MANO CON AUTOINJERTO VIA ABIERTA | D47: 3132180
A48: 45 | B48: 831206 | C48: TENOTOMIA DE CADERA VIA ENDOSCOPICA | D48: 9065340
A49: 46 | B49: 851302 | C49: LOCALIZACION DE LESION NO PALPABLE DE MAMA POR ESTEREOTAXIA | D49: 924750 | E49: Este procedimiento se realiza en la Unidad de Imágenes Diagnósticas - Ecografía. El CUPS se utiliza para facturar la ayuda diagnóstica y el honorario médico se liquida con el código 03077033 - Honorarios por Localización cada seno.
A50: 47 | B50: 859002 | C50: EXTRACCION DE CAPSULA DE DISPOSITIVO EN MAMA (CAPSULECTOMIA EN MAMA) | D50: 2505600
A51: 48 | B51: 861401 | C51: INFILTRACION INTRALESIONAL CON MEDICAMENTO HASTA DE CINCO LESIONES | D51: 417500 | E51: El honorario aplica exclusivamente para realizar tramiento médico de especialidades diferentes a Ginecología, toda vez que para las patologías tratadas por esta especialidad, se maneja por paquete.
A52: 49 | B52: 862003 | C52: DESBRIDAMIENTO ESCISIONAL EN AREA ESPECIAL EN MUÑECAS O MANOS | D52: 3445380
A53: 50 | B53: 862004 | C53: DESBRIDAMIENTO ESCISIONAL EN AREA ESPECIAL EN TOBILLOS O PIES | D53: 3445380
A54: 51 | B54: 862005 | C54: DESBRIDAMIENTO ESCISIONAL EN AREA ESPECIAL EN GENITALES | D54: 3445380
A55: 52 | B55: 862006 | C55: DESBRIDAMIENTO ESCISIONAL MENOR DEL 10% DE SUPERFICIE CORPORAL EN AREA GENERAL | D55: 1565820
A56: 53 | B56: 862007 | C56: DESBRIDAMIENTO ESCISIONAL ENTRE EL 10% AL 19% DE SUPERFICIE CORPORAL EN AREA GENERAL | D56: 1879200
A57: 54 | B57: 862008 | C57: DESBRIDAMIENTO ESCISIONAL ENTRE EL 20% AL 29% DE SUPERFICIE CORPORAL EN AREA GENERAL | D57: 2192400
A58: 55 | B58: 862009 | C58: DESBRIDAMIENTO ESCISIONAL ENTRE EL 30% AL 49% DE SUPERFICIE CORPORAL EN AREA GENERAL | D58: 2349000
A59: 56 | B59: 867004 | C59: COLGAJO LOCAL SIMPLE DE PIEL DE MAS DE DIEZ CENTIMETROS CUADRADOS | D59: 4698180
A60: 57 | B60: 867108 | C60: COLGAJO COMPUESTO CON TECNICA MICROVASCULAR (EN PROPELA) | D60: 27405450
A61: 58 | B61: 868202 | C61: RITIDECTOMIA ARRUGAS ANGULO EXTERNO DEL OJO VIA CORONAL | D61: 3758760
A62: 59 | B62: 868203 | C62: RITIDECTOMIA CERVICOFACIAL SIN FRENTE | D62: 9396180
A63: 60 | B63: 868307 | C63: REDUCCION DE TEJIDO ADIPOSO EN CARA, POR LIPECTOMIA | D63: 4698180
... A65: 62 | B65: 8694001 | C65: RETIRO DE SUTURA EN PIEL O TEJIDO CELULAR SUBCUTANEO SOD (CIRUGIA PLASTICA) | D65: 87100
A66: 63 | B66: 010101 | C66: PUNCION CISTERNAL, VIA LATERAL | D66: 1789200
A67: 64 | B67: 010102 | C67: PUNCION CISTERNAL, VIA MEDIAL | D67: 1789200
A68: 65 | B68: 010202 | C68: PUNCION (ASPIRACION DE LIQUIDO) VENTRICULAR POR TREPANACION (SIN CATETER) | D68: 2683800
A69: 66 | B69: 010203 | C69: PUNCION (ASPIRACION DE LIQUIDO) VENTRICULAR A TRAVES DE UN RESERVORIO | D69: 2044800
A70: 67 | B70: 010204 | C70: PUNCION (ASPIRACION DE LIQUIDO) VENTRICULAR, VIA TRANSFONTANELAR | D70: 2044800
A71: 68 | B71: 010205 | C71: PUNCION (ASPIRACION DE LIQUIDO) VENTRICULAR | D71: 2044800
A72: 69 | B72: 010901 | C72: PUNCION SUBDURAL | D72: 2683800
A73: 70 | B73: 011101 | C73: BIOPSIA OSEA EN CRANEO POR CRANEOTOMIA | D73: 5623200
A74: 71 | B74: 011102 | C74: BIOPSIA OSEA EN CRANEO POR CRANIECTOMIA | D74: 5623200
A75: 72 | B75: 011201 | C75: BIOPSIA DE MENINGE, POR CRANEOTOMIA | D75: 6390000
A76: 73 | B76: 011301 | C76: 1514 - BIOPSIA DE CEREBRO GUIADA POR NAVEGADOR NIVEL III | D76: 23234300
A77: 74 | B77: 011306 | C77: 100 - BIOPSIA ESTEREOTAXICA DE CEREBRO | D77: 11922200
... A195: 192 | B195: 021106 | C195: PLASTIA DURAL CON INJERTO | D195: 3450600
A196: 193 | B196: 021151VS | C196: TOMA, EMBALAJE Y ENVIO DE MUESTRA (VIRUELA SIMICA) | D196: 674000 | E196: La tarifa corresponde sólo a los insumos para tomar la muestra de sangre del paciente y los materiales de embalaje para remitirla a la Secretaria de Salud, único Ente autorizado para realizar el procesamiento de la muestra.
A197: 194 | B197: 021152 | C197: EMPAQUE Y ENVIO DE MUESTRAS | D197: 388200
A198: 195 | B198: 021201 | C198: CORRECCION FISTULA LCR EN BOVEDA CRANEANA, POR CRANEOTOMIA Y CRANEOPLASTIA | D198: 9329400
A199: 196 | B199: 021202 | C199: CORRECCION FISTULA LCR EN BOVEDA CRANEANA, POR DUROPLASTIA | D199: 3834000
A200: 197 | B200: 021203 | C200: CORRECCION FISTULA LCR EN BASE DE CRANEO ANTERIOR, VIA SUBFRONTAL | D200: 8946000
A201: 198 | B201: 021204 | C201: CORRECCION FISTULA LCR EN BASE DE CRANEO ANTERIOR, VIA TRANSESFENOIDAL | D201: 8946000
A202: 199 | B202: 021205 | C202: 1902 - RESECCION MINIMAMENTE INVASIVA ENDOSCOPICA DE LESIONES DE BASE DE CRANEO POR VIA ENDONASAL EXTENDIDA NIVEL I (N) | D202: 20138300
A203: 200 | B203: 021206 | C203: CORRECCION FISTULA LCR EN BASE DE CRANEO MEDIO, POR CRANIECTOMIA | D203: 7668000
A204: 201 | B204: 021207 | C204: CORRECCION FISTULA LCR EN BASE DE CRANEO MEDIO, VIA TRANSESFENOIDAL | D204: 8307000
A205: 202 | B205: 021208 | C205: CORRECCION FISTULA LCR EN BASE DE CRANEO POSTERIOR, VIA SUBOCCIPITAL | D205: 6390000
A206: 203 | B206: 021209 | C206: CORRECCION DE MENINGOCELE, POR CRANIECTOMIA | D206: 10224000
A207: 204 | B207: 021210 | C207: CORRECCION DE MENINGOCELE, CON CRANEOPLASTIA | D207: 10990800
A208: 205 | B208: 021211 | C208: CORRECCION DE MENINGOCELE DE FOSA ANTERIOR, POR CRANIECTOMIA Y PLASTIA DE MENINGE | D208: 10224000
... A244: 242 | B244: 02951 | C244: ENVIO DE MUESTRA SEROLOGICA DE PESO MINIMO A USA | D244: 3354900
A245: 243 | B245: 03000 | C245: TOMA DE MUESTRA RESPIRATORIA DOMICILIARIA (CERCANA) | D245: 119700 | E245: La tarifa incluye los insumos y la atención de Auxiliar de Laboratorio y Fisioterapeuta con transporte de una hora. La toma de muestras a domicilio se debe programar llamando al Centro de Contacto, al número 5186000 ext. 8127 La Aplicación de estas tarifas se debe realizar con base a la ubicación de los barrios de Cali, definida en el Anexo Clasificación de Barrios de Cali para Tomas de Muestras Respiratorias Domiciliarias
A246: 244 | B246: 03001 | C246: TOMA DE MUESTRA RESPIRATORIA DOMICILIARIA (MEDIANA) | D246: 150100 | E246: La tarifa incluye los insumos y la atención de Auxiliar de Laboratorio y Fisioterapeuta con transporte de una y media horas. La toma de muestras a domicilio se debe programar llamando al Centro de Contacto, al número 5186000 ext. 8127 La Aplicación de estas tarifas se debe realizar con base a la ubicación de los barrios de Cali, definida en el Anexo Clasificación de Barrios de Cali para Tomas de Muestras Respiratorias Domiciliarias
A247: 245 | B247: 03002 | C247: TOMA DE MUESTRA RESPIRATORIA DOMICILIARIA (LEJANA) | D247: 180500 | E247: La tarifa incluye los insumos y la atención de Auxiliar de Laboratorio y Fisioterapeuta con transporte hasta de dos horas. La toma de muestras a domicilio se debe programar llamando al Centro de Contacto, al número 5186000 ext. 8127 Aplica exclusivamente para domicilios en los municipios de Jamundí, Yumbo y Rozo.
A248: 246 | B248: 03003 | C248: TOMA DE MUESTRA RESPIRATORIA EN CARRO O LABORATORIO CMI | D248: 87600 | E248: La tarifa aplica para la toma de la muestra respiratoria COVID-19, no incluye transporte.
A249: 247 | B249: 030105 | C249: EXTRACCION DE CUERPO EXTRAÑO DEL CANAL RAQUIDEO POR LAMINECTOMIA VIA ABIERTA | D249: 5623200
A250: 248 | B250: 030108 | C250: EXTRACCION DE CUERPO EXTRAÑO DEL CANAL RAQUIDEO POR HEMILAMINECTOMIA VIA ABIERTA | D250: 5623200
A251: 249 | B251: 030111 | C251: EXTRACCION DE CUERPO EXTRAÑO DEL CANAL RAQUIDEO POR LAMINOTOMIA VIA ABIERTA | D251: 5623200
A252: 250 | B252: 030208 | C252: 2057 - EXPLORACION Y DESCOMPRESION DE RAICES EN COLUMNA NIVEL I | D252: 13188900
A253: 251 | B253: 030210 | C253: EXPLORACION Y DESCOMPRESION DEL CANAL RAQUIDEO Y RAICES ESPINALES HASTA DOS SEGMENTOS POR LAMINECTOMIA VIA ENDOSCOPICA | D253: 6908220
A254: 252 | B254: 030211 | C254: EXPLORACION Y DESCOMPRESION DEL CANAL RAQUIDEO Y RAICES ESPINALES MAS DE DOS SEGMENTOS POR LAMINECTOMIA VIA ABIERTA | D254: 15975000
...

Sheet valor estimado
A1: 5.5 ANALISIS DEL VALOR ESTIMADO
A3: ITEMS | B3: CODIGOS CUPS | C3: DESCRIPCION | D3: OBSERVACION DEL MERCADO | E3: PRECIO SECOP | F3: PRECIOS DE CATÁLOGO | G3: PRECIOS HISTÓRICOS PROYECTADOS | H3: PRECIOS DE MERCADO | I3: VALOR ESTIMADO
A4: 1 | B4: 115401 | C4: RECUBRIMIENTO DE CORNEA CON COLGAJO CONJUNTIVAL | E4: No aplica | F4: No aplica | G4: =VLOOKUP(B4,'precios historicos'!$D$4:$I$7453,6,) -> 1450764 | H4: =VLOOKUP(B4,'precios del mercado'!$B$4:$D$6580,3,) -> 1451700 | I4: =+H4 -> 1451700
A5: 2 | B5: 115402 | C5: RECUBRIMIENTO DE CORNEA CON INJERTO | E5: No aplica | F5: No aplica | G5: =VLOOKUP(B5,'precios historicos'!$D$4:$I$7453,6,) -> 1450764 | H5: =VLOOKUP(B5,'precios del mercado'!$B$4:$D$6580,3,) -> 1451700 | I5: =+H5 -> 1451700
A6: 3 | B6: 116101 | C6: QUERATOPLASTIA LAMELAR ANTERIOR MANUAL | E6: No aplica | F6: No aplica | G6: =VLOOKUP(B6,'precios historicos'!$D$4:$I$7453,6,) -> 5836856.3 | H6: =VLOOKUP(B6,'precios del mercado'!$B$4:$D$6580,3,) -> 5841000 | I6: =+H6 -> 5841000
A7: 4 | B7: 116102 | C7: QUERATOPLASTIA LAMELAR ANTERIOR ASISTIDA | E7: No aplica | F7: No aplica | G7: =VLOOKUP(B7,'precios historicos'!$D$4:$I$7453,6,) -> 5836856.3 | H7: =VLOOKUP(B7,'precios del mercado'!$B$4:$D$6580,3,) -> 5841000 | I7: =+H7 -> 5841000
A8: 5 | B8: 137003 | C8: INSERCION DE LENTE INTRAOCULAR EN CAMARA POSTERIOR SOBRE RESTOS CAPSULARES | E8: No aplica | F8: No aplica | G8: =VLOOKUP(B8,'precios historicos'!$D$4:$I$7453,6,) -> #N/A | H8: =VLOOKUP(B8,'precios del mercado'!$B$4:$D$6580,3,) -> 3910680 | I8: =+H8 -> 3910680
A9: 6 | B9: 157101 | C9: REPARACION DE LESION EN MUSCULO EXTRAOCULAR, TENDON O CAPSULA DE TENON | E9: No aplica | F9: No aplica | G9: =VLOOKUP(B9,'precios historicos'!$D$4:$I$7453,6,) -> 2250771.3 | H9: =VLOOKUP(B9,'precios del mercado'!$B$4:$D$6580,3,) -> 2252340 | I9: =+H9 -> 2252340
A10: 7 | B10: 237102 | C10: PULPOTOMIA | D10: En caso de ser requerida la participación del médico anestesiólogo, el honorario será facturado con los códigos 998701 o 998702, según el tipo de Anestesia administrada al paciente. | E10: No aplica | F10: No aplica | G10: =VLOOKUP(B10,'precios historicos'!$D$4:$I$7453,6,) -> 277596.48 | H10: =VLOOKUP(B10,'precios del mercado'!$B$4:$D$6580,3,) -> 185200 | I10: =+H10 -> 185200
A11: 8 | B11: 237301 | C11: TERAPIA DE CONDUCTO RADICULAR EN DIENTE UNIRRADICULAR | E11: No aplica | F11: No aplica | G11: =VLOOKUP(B11,'precios historicos'!$D$4:$I$7453,6,) -> 533982.96 | H11: =VLOOKUP(B11,'precios del mercado'!$B$4:$D$6580,3,) -> 356200 | I11: =+H11 -> 356200
A12: 9 | B12: 237601 | C12: FISTULIZACION ENDODONTICA POR TREPANACION Y DRENAJE | D12: En caso de ser requerida la participación del médico anestesiólogo, el honorario será facturado con los códigos 998701 o 998702, según el tipo de Anestesia administrada al paciente. | E12: No aplica | F12: No aplica | G12: =VLOOKUP(B12,'precios historicos'!$D$4:$I$7453,6,) -> 320355.84 | H12: =VLOOKUP(B12,'precios del mercado'!$B$4:$D$6580,3,) -> 213700 | I12: =+H12 -> 213700
A13: 10 | B13: 237602 | C13: FISTULIZACION ENDODONTICA POR INCISION | D13: En caso de ser requerida la participación del médico anestesiólogo, el honorario será facturado con los códigos 998701 o 998702, según el tipo de Anestesia administrada al paciente. | E13: No aplica | F13: No aplica | G13: =VLOOKUP(B13,'precios historicos'!$D$4:$I$7453,6,) -> 320355.84 | H13: =VLOOKUP(B13,'precios del mercado'!$B$4:$D$6580,3,) -> 213700 | I13: =+H13 -> 213700
A14: 11 | B14: 243303 | C14: ENUCLEACION DE QUISTE EPIDERMOIDE | E14: No aplica | F14: No aplica | G14: =VLOOKUP(B14,'precios historicos'!$D$4:$I$7453,6,) -> 640881.36 | H14: =VLOOKUP(B14,'precios del mercado'!$B$4:$D$6580,3,) -> 641400 | I14: =+H14 -> 641400
A15: 12 | B15: 342101 | C15: TORACOSCOPIA DIAGNOSTICA | E15: No aplica | F15: No aplica | G15: =VLOOKUP(B15,'precios historicos'!$D$4:$I$7453,6,) -> 8202874.2 | H15: =VLOOKUP(B15,'precios del mercado'!$B$4:$D$6580,3,) -> 8208720 | I15: =+H15 -> 8208720
A16: 13 | B16: 358904 | C16: DILATACION DE DUCTUS ARTERIOSO (ANGIOPLASTIA O IMPLANTE DE DISPOSITIVO) VIA PERCUTANEA (ENDOVASCULAR) | E16: No aplica | F16: No aplica | G16: =VLOOKUP(B16,'precios historicos'!$D$4:$I$7453,6,) -> 2589181.1 | H16: =VLOOKUP(B16,'precios del mercado'!$B$4:$D$6580,3,) -> 2591100 | I16: =+H16 -> 2591100
A17: 14 | B17: 361801 | C17: ANASTOMOSIS SIMPLE DE ARTERIA CIRCUNFLEJA CON INJERTO VENOSO VIA ABIERTA | E17: No aplica | F17: No aplica | G17: =VLOOKUP(B17,'precios historicos'!$D$4:$I$7453,6,) -> 6282775.3 | H17: =VLOOKUP(B17,'precios del mercado'!$B$4:$D$6580,3,) -> 6287220 | I17: =+H17 -> 6287220
A18: 15 | B18: 372102 | C18: CATETERISMO CARDIACO DEL LADO DERECHO DEL CORAZON CON PRUEBA DE SUSTANCIA TERAPEUTICA | E18: No aplica | F18: No aplica | G18: =VLOOKUP(B18,'precios historicos'!$D$4:$I$7453,6,) -> 1461352 | H18: =VLOOKUP(B18,'precios del mercado'!$B$4:$D$6580,3,) -> 1462320 | I18: =+H18 -> 1462320
A19: 16 | B19: 373413 | C19: MODULACION DE SUSTRATO ARRITMICO (AURICULAR O VENTRICULAR) ENDOCARDICA | E19: No aplica | F19: No aplica | G19: =VLOOKUP(B19,'precios historicos'!$D$4:$I$7453,6,) -> 26614138 | H19: =VLOOKUP(B19,'precios del mercado'!$B$4:$D$6580,3,) -> 26633025 | I19: =+H19 -> 26633025
A20: 17 | B20: 378102 | C20: INSERCION [IMPLANTACION] DE MARCAPASO TEMPORAL (TRANSITORIO) VIA PERCUTANEA (ENDOVASCULAR) | E20: No aplica | F20: No aplica | G20: =VLOOKUP(B20,'precios historicos'!$D$4:$I$7453,6,) -> 965988.24 | H20: =VLOOKUP(B20,'precios del mercado'!$B$4:$D$6580,3,) -> 966600 | I20: =+H20 -> 966600
A21: 18 | B21: 380401 | C21: TROMBOEMBOLECTOMIA ARTERIAL TORACICA | E21: No aplica | F21: No aplica | G21: =VLOOKUP(B21,'precios historicos'!$D$4:$I$7453,6,) -> 4363490.9 | H21: =VLOOKUP(B21,'precios del mercado'!$B$4:$D$6580,3,) -> 4366620 | I21: =+H21 -> 4366620
A22: 19 | B22: 380403 | C22: TROMBOLISIS EN VASOS TORACICOS | E22: No aplica | F22: No aplica | G22: =VLOOKUP(B22,'precios historicos'!$D$4:$I$7453,6,) -> 4363490.9 | H22: =VLOOKUP(B22,'precios del mercado'!$B$4:$D$6580,3,) -> 4366620 | I22: =+H22 -> 4366620
A23: 20 | B23: 385208 | C23: EMBOLIZACION DE EPISTAXIS VIA ENDOVASCULAR | E23: No aplica | F23: No aplica | G23: =VLOOKUP(B23,'precios historicos'!$D$4:$I$7453,6,) -> 8837341.6 | H23: =VLOOKUP(B23,'precios del mercado'!$B$4:$D$6580,3,) -> 8843580 | I23: =+H23 -> 8843580
A24: 21 | B24: 385521 | C24: OCLUSION DE COLATERALES AORTO PULMONARES VIA PERCUTANEA (ENDOVASCULAR) | E24: No aplica | F24: No aplica | G24: =VLOOKUP(B24,'precios historicos'!$D$4:$I$7453,6,) -> 2608321 | H24: =VLOOKUP(B24,'precios del mercado'!$B$4:$D$6580,3,) -> 2610180 | I24: =+H24 -> 2610180
A25: 22 | B25: 389103 | C25: INSERCION DE CATETER CENTRAL, VIA PERIFERICA | D25: Aplica para la inserción de catéteres diferentes a los ofertados como paquete (Catéter PICC, Catéter para quimioterapia en niños, y Catéter Mahurkar) | E25: No aplica | F25: No aplica | G25: =VLOOKUP(B25,'precios historicos'!$D$4:$I$7453,6,) -> 764691.2 | H25: =VLOOKUP(B25,'precios del mercado'!$B$4:$D$6580,3,) -> 2504880 | I25: =+H25 -> 2504880
A26: 23 | B26: 389104 | C26: INSERCION DE CATETER CENTRAL VIA ABIERTA | E26: No aplica | F26: No aplica | G26: =VLOOKUP(B26,'precios historicos'!$D$4:$I$7453,6,) -> 754736.64 | H26: =VLOOKUP(B26,'precios del mercado'!$B$4:$D$6580,3,) -> 1132950 | I26: =+H26 -> 1132950
A27: 24 | B27: 395027 | C27: ANGIOPLASTIA DE VENAS PULMONARES VIA PERCUTANEA (ENDOVASCULAR) | E27: No aplica | F27: No aplica | G27: =VLOOKUP(B27,'precios historicos'!$D$4:$I$7453,6,) -> 2512010.6 | H27: =VLOOKUP(B27,'precios del mercado'!$B$4:$D$6580,3,) -> 2513700 | I27: =+H27 -> 2513700
A28: 25 | B28: 395101 | C28: DENERVACION DE ARTERIAS RENALES VIA PERCUTANEA (ENDOVASCULAR) | E28: No aplica | F28: No aplica | G28: =VLOOKUP(B28,'precios historicos'!$D$4:$I$7453,6,) -> 7561891 | H28: =VLOOKUP(B28,'precios del mercado'!$B$4:$D$6580,3,) -> 7567200 | I28: =+H28 -> 7567200
A29: 26 | B29: 449502 | C29: BAIPAS O DERIVACION O PUENTE DUODENAL PARA REFLUJO DUODENOGASTRICO VIA LAPAROSCOPICA | E29: No aplica | F29: No aplica | G29: =VLOOKUP(B29,'precios historicos'!$D$4:$I$7453,6,) -> 15248802 | H29: =VLOOKUP(B29,'precios del mercado'!$B$4:$D$6580,3,) -> 15259500 | I29: =+H29 -> 15259500
A30: 27 | B30: 457102 | C30: COLECTOMIA PARCIAL CON COLOSTOMIA O ILEOSTOMIA Y FISTULA MUCOSA VIA LAPAROSCOPICA | E30: No aplica | F30: No aplica | G30: =VLOOKUP(B30,'precios historicos'!$D$4:$I$7453,6,) -> 6363000 | H30: =VLOOKUP(B30,'precios del mercado'!$B$4:$D$6580,3,) -> 6390000 | I30: =+H30 -> 6390000
A31: 28 | B31: 502208 | C31: HEPATECTOMIA DE UN SEGMENTO VIA ABIERTA | E31: No aplica | F31: No aplica | G31: =VLOOKUP(B31,'precios historicos'!$D$4:$I$7453,6,) -> 5383199.8 | H31: =VLOOKUP(B31,'precios del mercado'!$B$4:$D$6580,3,) -> 5387040 | I31: =+H31 -> 5387040
A32: 29 | B32: 502209 | C32: HEPATECTOMIA DE UN SEGMENTO VIA LAPAROSCOPICA | E32: No aplica | F32: No aplica | G32: =VLOOKUP(B32,'precios historicos'!$D$4:$I$7453,6,) -> 6728694.3 | H32: =VLOOKUP(B32,'precios del mercado'!$B$4:$D$6580,3,) -> 6733440 | I32: =+H32 -> 6733440
A33: 30 | B33: 521004 | C33: BIOPSIA DE PANCREAS VIA ENDOSCOPICA | E33: No aplica | F33: No aplica | G33: =VLOOKUP(B33,'precios historicos'!$D$4:$I$7453,6,) -> 1553590.1 | H33: =VLOOKUP(B33,'precios del mercado'!$B$4:$D$6580,3,) -> 1554660 | I33: =+H33 -> 1554660
A34: 31 | B34: 534002 | C34: HERNIORRAFIA UMBILICAL VIA LAPAROSCOPICA | E34: No aplica | F34: No aplica | G34: =VLOOKUP(B34,'precios historicos'!$D$4:$I$7453,6,) -> 3451698.4 | H34: =VLOOKUP(B34,'precios del mercado'!$B$4:$D$6580,3,) -> 3454200 | I34: =+H34 -> 3454200
A35: 32 | B35: 540014 | C35: DRENAJE DE COLECCION INTRAPERITONEAL VIA PERCUTANEA | D35: La tarifa incluye una tomografía computada de abdomen y pelvis (abdomen total), los honorarios de médico Radiólogo que efectúa el procedimientos,los insumos y medicamentos utilizados para la realización del estudio. Excluye: Estudio de patología, Anestesia o Sedación (honorarios, medicamentos e insumos) | E35: No aplica | F35: No aplica | G35: =VLOOKUP(B35,'precios historicos'!$D$4:$I$7453,6,) -> #N/A | H35: =VLOOKUP(B35,'precios del mercado'!$B$4:$D$6580,3,) -> 2133800 | I35: =+H35 -> 2133800
A36: 33 | B36: 542102 | C36: LAPAROSCOPIA DE PRECISION (ESTADIFICACION) | E36: No aplica | F36: No aplica | G36: =VLOOKUP(B36,'precios historicos'!$D$4:$I$7453,6,) -> 4037298 | H36: =VLOOKUP(B36,'precios del mercado'!$B$4:$D$6580,3,) -> 4040100 | I36: =+H36 -> 4040100
A37: 34 | B37: 554003 | C37: NEFRECTOMIA PARCIAL POR LAPAROSCOPIA | E37: No aplica | F37: No aplica | G37: =VLOOKUP(B37,'precios historicos'!$D$4:$I$7453,6,) -> 10591697 | H37: =VLOOKUP(B37,'precios del mercado'!$B$4:$D$6580,3,) -> 10599120 | I37: =+H37 -> 10599120
A38: 35 | B38: 621911 | C38: EXPLORACION ABDOMINAL DE TESTICULO NO DESCENDIDO POR LAPAROSCOPIA | D38: LAS 225 UVR APLICAN SI EL PROCEDIMIENTO ES BILATERAL, CUANDO SE REALICE UNILATERAL, SE LIQUIDA POR 120 UVR | E38: No aplica | F38: No aplica | G38: =VLOOKUP(B38,'precios historicos'!$D$4:$I$7453,6,) -> 5726700 | H38: =VLOOKUP(B38,'precios del mercado'!$B$4:$D$6580,3,) -> 5751000 | I38: =+H38 -> 5751000
A39: 36 | B39: 637300 | C39: VASECTOMIA SOD | E39: No aplica | F39: No aplica | G39: =VLOOKUP(B39,'precios historicos'!$D$4:$I$7453,6,) -> #N/A | H39: =VLOOKUP(B39,'precios del mercado'!$B$4:$D$6580,3,) -> 1661400 | I39: =+H39 -> 1661400
A40: 37 | B40: 691201 | C40: ESCISION Y ABLACION DE ENDOMETROSIS ESTADOS I Y II POR LAPAROSCOPIA | E40: No aplica | F40: No aplica | G40: =VLOOKUP(B40,'precios historicos'!$D$4:$I$7453,6,) -> 1781640 | H40: =VLOOKUP(B40,'precios del mercado'!$B$4:$D$6580,3,) -> 1789200 | I40: =+H40 -> 1789200
A41: 38 | B41: 773005 | C41: OSTEOCONDROPLASTIA ACETABULAR POR ARTROSCOPIA | E41: No aplica | F41: No aplica | G41: =VLOOKUP(B41,'precios historicos'!$D$4:$I$7453,6,) -> 9058875.8 | H41: =VLOOKUP(B41,'precios del mercado'!$B$4:$D$6580,3,) -> 9065340 | I41: =+H41 -> 9065340
A42: 39 | B42: 773007 | C42: REPARACION DEL LABRUM ACETABULAR VIA ARTROSCOPICA | E42: No aplica | F42: No aplica | G42: =VLOOKUP(B42,'precios historicos'!$D$4:$I$7453,6,) -> 9058875.8 | H42: =VLOOKUP(B42,'precios del mercado'!$B$4:$D$6580,3,) -> 9065340 | I42: =+H42 -> 9065340
A43: 40 | B43: 783403 | C43: ALARGAMIENTO DE METACARPIANOS (UNO O MAS) POR TECNICA DE DISTRACCION SIN (CORTICOTOMIA, OSTEOTOMIA) | E43: No aplica | F43: No aplica | G43: =VLOOKUP(B43,'precios historicos'!$D$4:$I$7453,6,) -> 4694774.1 | H43: =VLOOKUP(B43,'precios del mercado'!$B$4:$D$6580,3,) -> 4698180 | I43: =+H43 -> 4698180
A44: 41 | B44: 815401 | C44: REEMPLAZO TOTAL DE RODILLA BICOMPARTIMENTAL | E44: No aplica | F44: No aplica | G44: =VLOOKUP(B44,'precios historicos'!$D$4:$I$7453,6,) -> #N/A | H44: =VLOOKUP(B44,'precios del mercado'!$B$4:$D$6580,3,) -> 5112000 | I44: =+H44 -> 5112000
A45: 42 | B45: 819406 | C45: RECONSTRUCCION DE TENDONES PERONEOS VIA ABIERTA | E45: No aplica | F45: No aplica | G45: =VLOOKUP(B45,'precios historicos'!$D$4:$I$7453,6,) -> 3129985.2 | H45: =VLOOKUP(B45,'precios del mercado'!$B$4:$D$6580,3,) -> 3132180 | I45: =+H45 -> 3132180
A46: 43 | B46: 819601 | C46: ARTRODIASTASIS CON FIJADOR EXTERNO | E46: No aplica | F46: No aplica | G46: =VLOOKUP(B46,'precios historicos'!$D$4:$I$7453,6,) -> 16601067 | H46: =VLOOKUP(B46,'precios del mercado'!$B$4:$D$6580,3,) -> 16612875 | I46: =+H46 -> 16612875
A47: 44 | B47: 828907 | C47: RECONSTRUCCION DE LIGAMENTOS EN MANO CON AUTOINJERTO VIA ABIERTA | E47: No aplica | F47: No aplica | G47: =VLOOKUP(B47,'precios historicos'!$D$4:$I$7453,6,) -> 3129985.2 | H47: =VLOOKUP(B47,'precios del mercado'!$B$4:$D$6580,3,) -> 3132180 | I47: =+H47 -> 3132180
A48: 45 | B48: 831206 | C48: TENOTOMIA DE CADERA VIA ENDOSCOPICA | E48: No aplica | F48: No aplica | G48: =VLOOKUP(B48,'precios historicos'!$D$4:$I$7453,6,) -> 9058875.8 | H48: =VLOOKUP(B48,'precios del mercado'!$B$4:$D$6580,3,) -> 9065340 | I48: =+H48 -> 9065340
A49: 46 | B49: 851302 | C49: LOCALIZACION DE LESION NO PALPABLE DE MAMA POR ESTEREOTAXIA | D49: Este procedimiento se realiza en la Unidad de Imágenes Diagnósticas - Ecografía. El CUPS se utiliza para facturar la ayuda diagnóstica y el honorario médico se liquida con el código 03077033 - Honorarios por Localización cada seno. | E49: No aplica | F49: No aplica | G49: =VLOOKUP(B49,'precios historicos'!$D$4:$I$7453,6,) -> 924077.28 | H49: =VLOOKUP(B49,'precios del mercado'!$B$4:$D$6580,3,) -> 924750 | I49: =+H49 -> 924750
A50: 47 | B50: 859002 | C50: EXTRACCION DE CAPSULA DE DISPOSITIVO EN MAMA (CAPSULECTOMIA EN MAMA) | E50: No aplica | F50: No aplica | G50: =VLOOKUP(B50,'precios historicos'!$D$4:$I$7453,6,) -> 2503866 | H50: =VLOOKUP(B50,'precios del mercado'!$B$4:$D$6580,3,) -> 2505600 | I50: =+H50 -> 2505600
A51: 48 | B51: 861401 | C51: INFILTRACION INTRALESIONAL CON MEDICAMENTO HASTA DE CINCO LESIONES | D51: El honorario aplica exclusivamente para realizar tramiento médico de especialidades diferentes a Ginecología, toda vez que para las patologías tratadas por esta especialidad, se maneja por paquete. | E51: No aplica | F51: No aplica | G51: =VLOOKUP(B51,'precios historicos'!$D$4:$I$7453,6,) -> 625779.84 | H51: =VLOOKUP(B51,'precios del mercado'!$B$4:$D$6580,3,) -> 417500 | I51: =+H51 -> 417500
A52: 49 | B52: 862003 | C52: DESBRIDAMIENTO ESCISIONAL EN AREA ESPECIAL EN MUÑECAS O MANOS | E52: No aplica | F52: No aplica | G52: =VLOOKUP(B52,'precios historicos'!$D$4:$I$7453,6,) -> 3442942.9 | H52: =VLOOKUP(B52,'precios del mercado'!$B$4:$D$6580,3,) -> 3445380 | I52: =+H52 -> 3445380
A53: 50 | B53: 862004 | C53: DESBRIDAMIENTO ESCISIONAL EN AREA ESPECIAL EN TOBILLOS O PIES | E53: No aplica | F53: No aplica | G53: =VLOOKUP(B53,'precios historicos'!$D$4:$I$7453,6,) -> 3442942.9 | H53: =VLOOKUP(B53,'precios del mercado'!$B$4:$D$6580,3,) -> 3445380 | I53: =+H53 -> 3445380
A54: 51 | B54: 862005 | C54: DESBRIDAMIENTO ESCISIONAL EN AREA ESPECIAL EN GENITALES | E54: No aplica | F54: No aplica | G54: =VLOOKUP(B54,'precios historicos'!$D$4:$I$7453,6,) -> 3442942.9 | H54: =VLOOKUP(B54,'precios del mercado'!$B$4:$D$6580,3,) -> 3445380 | I54: =+H54 -> 3445380
A55: 52 | B55: 862006 | C55: DESBRIDAMIENTO ESCISIONAL MENOR DEL 10% DE SUPERFICIE CORPORAL EN AREA GENERAL | E55: No aplica | F55: No aplica | G55: =VLOOKUP(B55,'precios historicos'!$D$4:$I$7453,6,) -> 1564789 | H55: =VLOOKUP(B55,'precios del mercado'!$B$4:$D$6580,3,) -> 1565820 | I55: =+H55 -> 1565820
A56: 53 | B56: 862007 | C56: DESBRIDAMIENTO ESCISIONAL ENTRE EL 10% AL 19% DE SUPERFICIE CORPORAL EN AREA GENERAL | E56: No aplica | F56: No aplica | G56: =VLOOKUP(B56,'precios historicos'!$D$4:$I$7453,6,) -> 1877950.4 | H56: =VLOOKUP(B56,'precios del mercado'!$B$4:$D$6580,3,) -> 1879200 | I56: =+H56 -> 1879200
A57: 54 | B57: 862008 | C57: DESBRIDAMIENTO ESCISIONAL ENTRE EL 20% AL 29% DE SUPERFICIE CORPORAL EN AREA GENERAL | E57: No aplica | F57: No aplica | G57: =VLOOKUP(B57,'precios historicos'!$D$4:$I$7453,6,) -> 2190908.2 | H57: =VLOOKUP(B57,'precios del mercado'!$B$4:$D$6580,3,) -> 2192400 | I57: =+H57 -> 2192400
A58: 55 | B58: 862009 | C58: DESBRIDAMIENTO ESCISIONAL ENTRE EL 30% AL 49% DE SUPERFICIE CORPORAL EN AREA GENERAL | E58: No aplica | F58: No aplica | G58: =VLOOKUP(B58,'precios historicos'!$D$4:$I$7453,6,) -> 2347285.2 | H58: =VLOOKUP(B58,'precios del mercado'!$B$4:$D$6580,3,) -> 2349000 | I58: =+H58 -> 2349000
A59: 56 | B59: 867004 | C59: COLGAJO LOCAL SIMPLE DE PIEL DE MAS DE DIEZ CENTIMETROS CUADRADOS | E59: No aplica | F59: No aplica | G59: =VLOOKUP(B59,'precios historicos'!$D$4:$I$7453,6,) -> 4694774.1 | H59: =VLOOKUP(B59,'precios del mercado'!$B$4:$D$6580,3,) -> 4698180 | I59: =+H59 -> 4698180
A60: 57 | B60: 867108 | C60: COLGAJO COMPUESTO CON TECNICA MICROVASCULAR (EN PROPELA) | E60: No aplica | F60: No aplica | G60: =VLOOKUP(B60,'precios historicos'!$D$4:$I$7453,6,) -> 27386097 | H60: =VLOOKUP(B60,'precios del mercado'!$B$4:$D$6580,3,) -> 27405450 | I60: =+H60 -> 27405450
A61: 58 | B61: 868202 | C61: RITIDECTOMIA ARRUGAS ANGULO EXTERNO DEL OJO VIA CORONAL | E61: No aplica | F61: No aplica | G61: =VLOOKUP(B61,'precios historicos'!$D$4:$I$7453,6,) -> 3756104.4 | H61: =VLOOKUP(B61,'precios del mercado'!$B$4:$D$6580,3,) -> 3758760 | I61: =+H61 -> 3758760
A62: 59 | B62: 868203 | C62: RITIDECTOMIA CERVICOFACIAL SIN FRENTE | E62: No aplica | F62: No aplica | G62: =VLOOKUP(B62,'precios historicos'!$D$4:$I$7453,6,) -> 9389548.2 | H62: =VLOOKUP(B62,'precios del mercado'!$B$4:$D$6580,3,) -> 9396180 | I62: =+H62 -> 9396180
A63: 60 | B63: 868307 | C63: REDUCCION DE TEJIDO ADIPOSO EN CARA, POR LIPECTOMIA | E63: No aplica | F63: No aplica | G63: =VLOOKUP(B63,'precios historicos'!$D$4:$I$7453,6,) -> 4694774.1 | H63: =VLOOKUP(B63,'precios del mercado'!$B$4:$D$6580,3,) -> 4698180 | I63: =+H63 -> 4698180
... A65: 62 | B65: 8694001 | C65: RETIRO DE SUTURA EN PIEL O TEJIDO CELULAR SUBCUTANEO SOD (CIRUGIA PLASTICA) | E65: No aplica | F65: No aplica | G65: =VLOOKUP(B65,'precios historicos'!$D$4:$I$7453,6,) -> 130483.92 | H65: =VLOOKUP(B65,'precios del mercado'!$B$4:$D$6580,3,) -> 87100 | I65: =+H65 -> 87100
A66: 63 | B66: 010101 | C66: PUNCION CISTERNAL, VIA LATERAL | E66: No aplica | F66: No aplica | G66: =VLOOKUP(B66,'precios historicos'!$D$4:$I$7453,6,) -> #N/A | H66: =VLOOKUP(B66,'precios del mercado'!$B$4:$D$6580,3,) -> 1789200 | I66: =+H66 -> 1789200
A67: 64 | B67: 010102 | C67: PUNCION CISTERNAL, VIA MEDIAL | E67: No aplica | F67: No aplica | G67: =VLOOKUP(B67,'precios historicos'!$D$4:$I$7453,6,) -> #N/A | H67: =VLOOKUP(B67,'precios del mercado'!$B$4:$D$6580,3,) -> 1789200 | I67: =+H67 -> 1789200
A68: 65 | B68: 010202 | C68: PUNCION (ASPIRACION DE LIQUIDO) VENTRICULAR POR TREPANACION (SIN CATETER) | E68: No aplica | F68: No aplica | G68: =VLOOKUP(B68,'precios historicos'!$D$4:$I$7453,6,) -> #N/A | H68: =VLOOKUP(B68,'precios del mercado'!$B$4:$D$6580,3,) -> 2683800 | I68: =+H68 -> 2683800
A69: 66 | B69: 010203 | C69: PUNCION (ASPIRACION DE LIQUIDO) VENTRICULAR A TRAVES DE UN RESERVORIO | E69: No aplica | F69: No aplica | G69: =VLOOKUP(B69,'precios historicos'!$D$4:$I$7453,6,) -> #N/A | H69: =VLOOKUP(B69,'precios del mercado'!$B$4:$D$6580,3,) -> 2044800 | I69: =+H69 -> 2044800
A70: 67 | B70: 010204 | C70: PUNCION (ASPIRACION DE LIQUIDO) VENTRICULAR, VIA TRANSFONTANELAR | E70: No aplica | F70: No aplica | G70: =VLOOKUP(B70,'precios historicos'!$D$4:$I$7453,6,) -> #N/A | H70: =VLOOKUP(B70,'precios del mercado'!$B$4:$D$6580,3,) -> 2044800 | I70: =+H70 -> 2044800
A71: 68 | B71: 010205 | C71: PUNCION (ASPIRACION DE LIQUIDO) VENTRICULAR | E71: No aplica | F71: No aplica | G71: =VLOOKUP(B71,'precios historicos'!$D$4:$I$7453,6,) -> #N/A | H71: =VLOOKUP(B71,'precios del mercado'!$B$4:$D$6580,3,) -> 2044800 | I71: =+H71 -> 2044800
A72: 69 | B72: 010901 | C72: PUNCION SUBDURAL | E72: No aplica | F72: No aplica | G72: =VLOOKUP(B72,'precios historicos'!$D$4:$I$7453,6,) -> #N/A | H72: =VLOOKUP(B72,'precios del mercado'!$B$4:$D$6580,3,) -> 2683800 | I72: =+H72 -> 2683800
A73: 70 | B73: 011101 | C73: BIOPSIA OSEA EN CRANEO POR CRANEOTOMIA | E73: No aplica | F73: No aplica | G73: =VLOOKUP(B73,'precios historicos'!$D$4:$I$7453,6,) -> #N/A | H73: =VLOOKUP(B73,'precios del mercado'!$B$4:$D$6580,3,) -> 5623200 | I73: =+H73 -> 5623200
A74: 71 | B74: 011102 | C74: BIOPSIA OSEA EN CRANEO POR CRANIECTOMIA | E74: No aplica | F74: No aplica | G74: =VLOOKUP(B74,'precios historicos'!$D$4:$I$7453,6,) -> #N/A | H74: =VLOOKUP(B74,'precios del mercado'!$B$4:$D$6580,3,) -> 5623200 | I74: =+H74 -> 5623200
A75: 72 | B75: 011201 | C75: BIOPSIA DE MENINGE, POR CRANEOTOMIA | E75: No aplica | F75: No aplica | G75: =VLOOKUP(B75,'precios historicos'!$D$4:$I$7453,6,) -> #N/A | H75: =VLOOKUP(B75,'precios del mercado'!$B$4:$D$6580,3,) -> 6390000 | I75: =+H75 -> 6390000
A76: 73 | B76: 011301 | C76: 1514 - BIOPSIA DE CEREBRO GUIADA POR NAVEGADOR NIVEL III | E76: No aplica | F76: No aplica | G76: =VLOOKUP(B76,'precios historicos'!$D$4:$I$7453,6,) -> #N/A | H76: =VLOOKUP(B76,'precios del mercado'!$B$4:$D$6580,3,) -> 23234300 | I76: =+H76 -> 23234300
A77: 74 | B77: 011306 | C77: 100 - BIOPSIA ESTEREOTAXICA DE CEREBRO | E77: No aplica | F77: No aplica | G77: =VLOOKUP(B77,'precios historicos'!$D$4:$I$7453,6,) -> #N/A | H77: =VLOOKUP(B77,'precios del mercado'!$B$4:$D$6580,3,) -> 11922200 | I77: =+H77 -> 11922200
... A195: 192 | B195: 021106 | C195: PLASTIA DURAL CON INJERTO | E195: No aplica | F195: No aplica | G195: =VLOOKUP(B195,'precios historicos'!$D$4:$I$7453,6,) -> #N/A | H195: =VLOOKUP(B195,'precios del mercado'!$B$4:$D$6580,3,) -> 3450600 | I195: =+H195 -> 3450600
A196: 193 | B196: 021151VS | C196: TOMA, EMBALAJE Y ENVIO DE MUESTRA (VIRUELA SIMICA) | D196: La tarifa corresponde sólo a los insumos para tomar la muestra de sangre del paciente y los materiales de embalaje para remitirla a la Secretaria de Salud, único Ente autorizado para realizar el procesamiento de la muestra. | E196: No aplica | F196: No aplica | G196: =VLOOKUP(B196,'precios historicos'!$D$4:$I$7453,6,) -> #N/A | H196: =VLOOKUP(B196,'precios del mercado'!$B$4:$D$6580,3,) -> 674000 | I196: =+H196 -> 674000
A197: 194 | B197: 021152 | C197: EMPAQUE Y ENVIO DE MUESTRAS | E197: No aplica | F197: No aplica | G197: =VLOOKUP(B197,'precios historicos'!$D$4:$I$7453,6,) -> #N/A | H197: =VLOOKUP(B197,'precios del mercado'!$B$4:$D$6580,3,) -> 388200 | I197: =+H197 -> 388200
A198: 195 | B198: 021201 | C198: CORRECCION FISTULA LCR EN BOVEDA CRANEANA, POR CRANEOTOMIA Y CRANEOPLASTIA | E198: No aplica | F198: No aplica | G198: =VLOOKUP(B198,'precios historicos'!$D$4:$I$7453,6,) -> #N/A | H198: =VLOOKUP(B198,'precios del mercado'!$B$4:$D$6580,3,) -> 9329400 | I198: =+H198 -> 9329400
A199: 196 | B199: 021202 | C199: CORRECCION FISTULA LCR EN BOVEDA CRANEANA, POR DUROPLASTIA | E199: No aplica | F199: No aplica | G199: =VLOOKUP(B199,'precios historicos'!$D$4:$I$7453,6,) -> #N/A | H199: =VLOOKUP(B199,'precios del mercado'!$B$4:$D$6580,3,) -> 3834000 | I199: =+H199 -> 3834000
A200: 197 | B200: 021203 | C200: CORRECCION FISTULA LCR EN BASE DE CRANEO ANTERIOR, VIA SUBFRONTAL | E200: No aplica | F200: No aplica | G200: =VLOOKUP(B200,'precios historicos'!$D$4:$I$7453,6,) -> #N/A | H200: =VLOOKUP(B200,'precios del mercado'!$B$4:$D$6580,3,) -> 8946000 | I200: =+H200 -> 8946000
A201: 198 | B201: 021204 | C201: CORRECCION FISTULA LCR EN BASE DE CRANEO ANTERIOR, VIA TRANSESFENOIDAL | E201: No aplica | F201: No aplica | G201: =VLOOKUP(B201,'precios historicos'!$D$4:$I$7453,6,) -> #N/A | H201: =VLOOKUP(B201,'precios del mercado'!$B$4:$D$6580,3,) -> 8946000 | I201: =+H201 -> 8946000
A202: 199 | B202: 021205 | C202: 1902 - RESECCION MINIMAMENTE INVASIVA ENDOSCOPICA DE LESIONES DE BASE DE CRANEO POR VIA ENDONASAL EXTENDIDA NIVEL I (N) | E202: No aplica | F202: No aplica | G202: =VLOOKUP(B202,'precios historicos'!$D$4:$I$7453,6,) -> #N/A | H202: =VLOOKUP(B202,'precios del mercado'!$B$4:$D$6580,3,) -> 20138300 | I202: =+H202 -> 20138300
A203: 200 | B203: 021206 | C203: CORRECCION FISTULA LCR EN BASE DE CRANEO MEDIO, POR CRANIECTOMIA | E203: No aplica | F203: No aplica | G203: =VLOOKUP(B203,'precios historicos'!$D$4:$I$7453,6,) -> #N/A | H203: =VLOOKUP(B203,'precios del mercado'!$B$4:$D$6580,3,) -> 7668000 | I203: =+H203 -> 7668000
A204: 201 | B204: 021207 | C204: CORRECCION FISTULA LCR EN BASE DE CRANEO MEDIO, VIA TRANSESFENOIDAL | E204: No aplica | F204: No aplica | G204: =VLOOKUP(B204,'precios historicos'!$D$4:$I$7453,6,) -> #N/A | H204: =VLOOKUP(B204,'precios del mercado'!$B$4:$D$6580,3,) -> 8307000 | I204: =+H204 -> 8307000
A205: 202 | B205: 021208 | C205: CORRECCION FISTULA LCR EN BASE DE CRANEO POSTERIOR, VIA SUBOCCIPITAL | E205: No aplica | F205: No aplica | G205: =VLOOKUP(B205,'precios historicos'!$D$4:$I$7453,6,) -> #N/A | H205: =VLOOKUP(B205,'precios del mercado'!$B$4:$D$6580,3,) -> 6390000 | I205: =+H205 -> 6390000
A206: 203 | B206: 021209 | C206: CORRECCION DE MENINGOCELE, POR CRANIECTOMIA | E206: No aplica | F206: No aplica | G206: =VLOOKUP(B206,'precios historicos'!$D$4:$I$7453,6,) -> #N/A | H206: =VLOOKUP(B206,'precios del mercado'!$B$4:$D$6580,3,) -> 10224000 | I206: =+H206 -> 10224000
A207: 204 | B207: 021210 | C207: CORRECCION DE MENINGOCELE, CON CRANEOPLASTIA | E207: No aplica | F207: No aplica | G207: =VLOOKUP(B207,'precios historicos'!$D$4:$I$7453,6,) -> #N/A | H207: =VLOOKUP(B207,'precios del mercado'!$B$4:$D$6580,3,) -> 10990800 | I207: =+H207 -> 10990800
A208: 205 | B208: 021211 | C208: CORRECCION DE MENINGOCELE DE FOSA ANTERIOR, POR CRANIECTOMIA Y PLASTIA DE MENINGE | E208: No aplica | F208: No aplica | G208: =VLOOKUP(B208,'precios historicos'!$D$4:$I$7453,6,) -> #N/A | H208: =VLOOKUP(B208,'precios del mercado'!$B$4:$D$6580,3,) -> 10224000 | I208: =+H208 -> 10224000
... A244: 242 | B244: 02951 | C244: ENVIO DE MUESTRA SEROLOGICA DE PESO MINIMO A USA | E244: No aplica | F244: No aplica | G244: =VLOOKUP(B244,'precios historicos'!$D$4:$I$7453,6,) -> #N/A | H244: =VLOOKUP(B244,'precios del mercado'!$B$4:$D$6580,3,) -> 3354900 | I244: =+H244 -> 3354900
A245: 243 | B245: 03000 | C245: TOMA DE MUESTRA RESPIRATORIA DOMICILIARIA (CERCANA) | D245: La tarifa incluye los insumos y la atención de Auxiliar de Laboratorio y Fisioterapeuta con transporte de una hora. La toma de muestras a domicilio se debe programar llamando al Centro de Contacto, al número 5186000 ext. 8127 La Aplicación de estas tarifas se debe realizar con base a la ubicación de los barrios de Cali, definida en el Anexo Clasificación de Barrios de Cali para Tomas de Muestras Respiratorias Domiciliarias | E245: No aplica | F245: No aplica | G245: =VLOOKUP(B245,'precios historicos'!$D$4:$I$7453,6,) -> #N/A | H245: =VLOOKUP(B245,'precios del mercado'!$B$4:$D$6580,3,) -> 119700 | I245: =+H245 -> 119700
A246: 244 | B246: 03001 | C246: TOMA DE MUESTRA RESPIRATORIA DOMICILIARIA (MEDIANA) | D246: La tarifa incluye los insumos y la atención de Auxiliar de Laboratorio y Fisioterapeuta con transporte de una y media horas. La toma de muestras a domicilio se debe programar llamando al Centro de Contacto, al número 5186000 ext. 8127 La Aplicación de estas tarifas se debe realizar con base a la ubicación de los barrios de Cali, definida en el Anexo Clasificación de Barrios de Cali para Tomas de Muestras Respiratorias Domiciliarias | E246: No aplica | F246: No aplica | G246: =VLOOKUP(B246,'precios historicos'!$D$4:$I$7453,6,) -> #N/A | H246: =VLOOKUP(B246,'precios del mercado'!$B$4:$D$6580,3,) -> 150100 | I246: =+H246 -> 150100
A247: 245 | B247: 03002 | C247: TOMA DE MUESTRA RESPIRATORIA DOMICILIARIA (LEJANA) | D247: La tarifa incluye los insumos y la atención de Auxiliar de Laboratorio y Fisioterapeuta con transporte hasta de dos horas. La toma de muestras a domicilio se debe programar llamando al Centro de Contacto, al número 5186000 ext. 8127 Aplica exclusivamente para domicilios en los municipios de Jamundí, Yumbo y Rozo. | E247: No aplica | F247: No aplica | G247: =VLOOKUP(B247,'precios historicos'!$D$4:$I$7453,6,) -> #N/A | H247: =VLOOKUP(B247,'precios del mercado'!$B$4:$D$6580,3,) -> 180500 | I247: =+H247 -> 180500
A248: 246 | B248: 03003 | C248: TOMA DE MUESTRA RESPIRATORIA EN CARRO O LABORATORIO CMI | D248: La tarifa aplica para la toma de la muestra respiratoria COVID-19, no incluye transporte. | E248: No aplica | F248: No aplica | G248: =VLOOKUP(B248,'precios historicos'!$D$4:$I$7453,6,) -> #N/A | H248: =VLOOKUP(B248,'precios del mercado'!$B$4:$D$6580,3,) -> 87600 | I248: =+H248 -> 87600
A249: 247 | B249: 030105 | C249: EXTRACCION DE CUERPO EXTRAÑO DEL CANAL RAQUIDEO POR LAMINECTOMIA VIA ABIERTA | E249: No aplica | F249: No aplica | G249: =VLOOKUP(B249,'precios historicos'!$D$4:$I$7453,6,) -> #N/A | H249: =VLOOKUP(B249,'precios del mercado'!$B$4:$D$6580,3,) -> 5623200 | I249: =+H249 -> 5623200
A250: 248 | B250: 030108 | C250: EXTRACCION DE CUERPO EXTRAÑO DEL CANAL RAQUIDEO POR HEMILAMINECTOMIA VIA ABIERTA | E250: No aplica | F250: No aplica | G250: =VLOOKUP(B250,'precios historicos'!$D$4:$I$7453,6,) -> #N/A | H250: =VLOOKUP(B250,'precios del mercado'!$B$4:$D$6580,3,) -> 5623200 | I250: =+H250 -> 5623200
A251: 249 | B251: 030111 | C251: EXTRACCION DE CUERPO EXTRAÑO DEL CANAL RAQUIDEO POR LAMINOTOMIA VIA ABIERTA | E251: No aplica | F251: No aplica | G251: =VLOOKUP(B251,'precios historicos'!$D$4:$I$7453,6,) -> #N/A | H251: =VLOOKUP(B251,'precios del mercado'!$B$4:$D$6580,3,) -> 5623200 | I251: =+H251 -> 5623200
A252: 250 | B252: 030208 | C252: 2057 - EXPLORACION Y DESCOMPRESION DE RAICES EN COLUMNA NIVEL I | E252: No aplica | F252: No aplica | G252: =VLOOKUP(B252,'precios historicos'!$D$4:$I$7453,6,) -> #N/A | H252: =VLOOKUP(B252,'precios del mercado'!$B$4:$D$6580,3,) -> 13188900 | I252: =+H252 -> 13188900
A253: 251 | B253: 030210 | C253: EXPLORACION Y DESCOMPRESION DEL CANAL RAQUIDEO Y RAICES ESPINALES HASTA DOS SEGMENTOS POR LAMINECTOMIA VIA ENDOSCOPICA | E253: No aplica | F253: No aplica | G253: =VLOOKUP(B253,'precios historicos'!$D$4:$I$7453,6,) -> #N/A | H253: =VLOOKUP(B253,'precios del mercado'!$B$4:$D$6580,3,) -> 6908220 | I253: =+H253 -> 6908220
A254: 252 | B254: 030211 | C254: EXPLORACION Y DESCOMPRESION DEL CANAL RAQUIDEO Y RAICES ESPINALES MAS DE DOS SEGMENTOS POR LAMINECTOMIA VIA ABIERTA | E254: No aplica | F254: No aplica | G254: =VLOOKUP(B254,'precios historicos'!$D$4:$I$7453,6,) -> #N/A | H254: =VLOOKUP(B254,'precios del mercado'!$B$4:$D$6580,3,) -> 15975000 | I254: =+H254 -> 15975000
...

Sheet Hoja4
A2: ITEMS | B2: CODIGOS CUPS | C2: DESCRIPCION | D2: OBSERVACION DEL MERCADO | E2: OFRECE | F2: NO OFRECE
A3: 1 | B3: 115401 | C3: RECUBRIMIENTO DE CORNEA CON COLGAJO CONJUNTIVAL
A4: 2 | B4: 115402 | C4: RECUBRIMIENTO DE CORNEA CON INJERTO
A5: 3 | B5: 116101 | C5: QUERATOPLASTIA LAMELAR ANTERIOR MANUAL
A6: 4 | B6: 116102 | C6: QUERATOPLASTIA LAMELAR ANTERIOR ASISTIDA
A7: 5 | B7: 137003 | C7: INSERCION DE LENTE INTRAOCULAR EN CAMARA POSTERIOR SOBRE RESTOS CAPSULARES
A8: 6 | B8: 157101 | C8: REPARACION DE LESION EN MUSCULO EXTRAOCULAR, TENDON O CAPSULA DE TENON
A9: 7 | B9: 237102 | C9: PULPOTOMIA | D9: En caso de ser requerida la participación del médico anestesiólogo, el honorario será facturado con los códigos 998701 o 998702, según el tipo de Anestesia administrada al paciente.
A10: 8 | B10: 237301 | C10: TERAPIA DE CONDUCTO RADICULAR EN DIENTE UNIRRADICULAR
A11: 9 | B11: 237601 | C11: FISTULIZACION ENDODONTICA POR TREPANACION Y DRENAJE | D11: En caso de ser requerida la participación del médico anestesiólogo, el honorario será facturado con los códigos 998701 o 998702, según el tipo de Anestesia administrada al paciente.
A12: 10 | B12: 237602 | C12: FISTULIZACION ENDODONTICA POR INCISION | D12: En caso de ser requerida la participación del médico anestesiólogo, el honorario será facturado con los códigos 998701 o 998702, según el tipo de Anestesia administrada al paciente.
A13: 11 | B13: 243303 | C13: ENUCLEACION DE QUISTE EPIDERMOIDE
A14: 12 | B14: 342101 | C14: TORACOSCOPIA DIAGNOSTICA
A15: 13 | B15: 358904 | C15: DILATACION DE DUCTUS ARTERIOSO (ANGIOPLASTIA O IMPLANTE DE DISPOSITIVO) VIA PERCUTANEA (ENDOVASCULAR)
A16: 14 | B16: 361801 | C16: ANASTOMOSIS SIMPLE DE ARTERIA CIRCUNFLEJA CON INJERTO VENOSO VIA ABIERTA
A17: 15 | B17: 372102 | C17: CATETERISMO CARDIACO DEL LADO DERECHO DEL CORAZON CON PRUEBA DE SUSTANCIA TERAPEUTICA
A18: 16 | B18: 373413 | C18: MODULACION DE SUSTRATO ARRITMICO (AURICULAR O VENTRICULAR) ENDOCARDICA
A19: 17 | B19: 378102 | C19: INSERCION [IMPLANTACION] DE MARCAPASO TEMPORAL (TRANSITORIO) VIA PERCUTANEA (ENDOVASCULAR)
A20: 18 | B20: 380401 | C20: TROMBOEMBOLECTOMIA ARTERIAL TORACICA
A21: 19 | B21: 380403 | C21: TROMBOLISIS EN VASOS TORACICOS
A22: 20 | B22: 385208 | C22: EMBOLIZACION DE EPISTAXIS VIA ENDOVASCULAR
A23: 21 | B23: 385521 | C23: OCLUSION DE COLATERALES AORTO PULMONARES VIA PERCUTANEA (ENDOVASCULAR)
A24: 22 | B24: 389103 | C24: INSERCION DE CATETER CENTRAL, VIA PERIFERICA | D24: Aplica para la inserción de catéteres diferentes a los ofertados como paquete (Catéter PICC, Catéter para quimioterapia en niños, y Catéter Mahurkar)
A25: 23 | B25: 389104 | C25: INSERCION DE CATETER CENTRAL VIA ABIERTA
A26: 24 | B26: 395027 | C26: ANGIOPLASTIA DE VENAS PULMONARES VIA PERCUTANEA (ENDOVASCULAR)
A27: 25 | B27: 395101 | C27: DENERVACION DE ARTERIAS RENALES VIA PERCUTANEA (ENDOVASCULAR)
A28: 26 | B28: 449502 | C28: BAIPAS O DERIVACION O PUENTE DUODENAL PARA REFLUJO DUODENOGASTRICO VIA LAPAROSCOPICA
A29: 27 | B29: 457102 | C29: COLECTOMIA PARCIAL CON COLOSTOMIA O ILEOSTOMIA Y FISTULA MUCOSA VIA LAPAROSCOPICA
A30: 28 | B30: 502208 | C30: HEPATECTOMIA DE UN SEGMENTO VIA ABIERTA
A31: 29 | B31: 502209 | C31: HEPATECTOMIA DE UN SEGMENTO VIA LAPAROSCOPICA
A32: 30 | B32: 521004 | C32: BIOPSIA DE PANCREAS VIA ENDOSCOPICA
A33: 31 | B33: 534002 | C33: HERNIORRAFIA UMBILICAL VIA LAPAROSCOPICA
A34: 32 | B34: 540014 | C34: DRENAJE DE COLECCION INTRAPERITONEAL VIA PERCUTANEA | D34: La tarifa incluye una tomografía computada de abdomen y pelvis (abdomen total), los honorarios de médico Radiólogo que efectúa el procedimientos,los insumos y medicamentos utilizados para la realización del estudio. Excluye: Estudio de patología, Anestesia o Sedación (honorarios, medicamentos e insumos)
A35: 33 | B35: 542102 | C35: LAPAROSCOPIA DE PRECISION (ESTADIFICACION)
A36: 34 | B36: 554003 | C36: NEFRECTOMIA PARCIAL POR LAPAROSCOPIA
A37: 35 | B37: 621911 | C37: EXPLORACION ABDOMINAL DE TESTICULO NO DESCENDIDO POR LAPAROSCOPIA | D37: LAS 225 UVR APLICAN SI EL PROCEDIMIENTO ES BILATERAL, CUANDO SE REALICE UNILATERAL, SE LIQUIDA POR 120 UVR
A38: 36 | B38: 637300 | C38: VASECTOMIA SOD
A39: 37 | B39: 691201 | C39: ESCISION Y ABLACION DE ENDOMETROSIS ESTADOS I Y II POR LAPAROSCOPIA
A40: 38 | B40: 773005 | C40: OSTEOCONDROPLASTIA ACETABULAR POR ARTROSCOPIA
A41: 39 | B41: 773007 | C41: REPARACION DEL LABRUM ACETABULAR VIA ARTROSCOPICA
A42: 40 | B42: 783403 | C42: ALARGAMIENTO DE METACARPIANOS (UNO O MAS) POR TECNICA DE DISTRACCION SIN (CORTICOTOMIA, OSTEOTOMIA)
A43: 41 | B43: 815401 | C43: REEMPLAZO TOTAL DE RODILLA BICOMPARTIMENTAL
A44: 42 | B44: 819406 | C44: RECONSTRUCCION DE TENDONES PERONEOS VIA ABIERTA
A45: 43 | B45: 819601 | C45: ARTRODIASTASIS CON FIJADOR EXTERNO
A46: 44 | B46: 828907 | C46: RECONSTRUCCION DE LIGAMENTOS EN MANO CON AUTOINJERTO VIA ABIERTA
A47: 45 | B47: 831206 | C47: TENOTOMIA DE CADERA VIA ENDOSCOPICA
A48: 46 | B48: 851302 | C48: LOCALIZACION DE LESION NO PALPABLE DE MAMA POR ESTEREOTAXIA | D48: Este procedimiento se realiza en la Unidad de Imágenes Diagnósticas - Ecografía. El CUPS se utiliza para facturar la ayuda diagnóstica y el honorario médico se liquida con el código 03077033 - Honorarios por Localización cada seno.
A49: 47 | B49: 859002 | C49: EXTRACCION DE CAPSULA DE DISPOSITIVO EN MAMA (CAPSULECTOMIA EN MAMA)
A50: 48 | B50: 861401 | C50: INFILTRACION INTRALESIONAL CON MEDICAMENTO HASTA DE CINCO LESIONES | D50: El honorario aplica exclusivamente para realizar tramiento médico de especialidades diferentes a Ginecología, toda vez que para las patologías tratadas por esta especialidad, se maneja por paquete.
A51: 49 | B51: 862003 | C51: DESBRIDAMIENTO ESCISIONAL EN AREA ESPECIAL EN MUÑECAS O MANOS
A52: 50 | B52: 862004 | C52: DESBRIDAMIENTO ESCISIONAL EN AREA ESPECIAL EN TOBILLOS O PIES
A53: 51 | B53: 862005 | C53: DESBRIDAMIENTO ESCISIONAL EN AREA ESPECIAL EN GENITALES
A54: 52 | B54: 862006 | C54: DESBRIDAMIENTO ESCISIONAL MENOR DEL 10% DE SUPERFICIE CORPORAL EN AREA GENERAL
A55: 53 | B55: 862007 | C55: DESBRIDAMIENTO ESCISIONAL ENTRE EL 10% AL 19% DE SUPERFICIE CORPORAL EN AREA GENERAL
A56: 54 | B56: 862008 | C56: DESBRIDAMIENTO ESCISIONAL ENTRE EL 20% AL 29% DE SUPERFICIE CORPORAL EN AREA GENERAL
A57: 55 | B57: 862009 | C57: DESBRIDAMIENTO ESCISIONAL ENTRE EL 30% AL 49% DE SUPERFICIE CORPORAL EN AREA GENERAL
A58: 56 | B58: 867004 | C58: COLGAJO LOCAL SIMPLE DE PIEL DE MAS DE DIEZ CENTIMETROS CUADRADOS
A59: 57 | B59: 867108 | C59: COLGAJO COMPUESTO CON TECNICA MICROVASCULAR (EN PROPELA)
A60: 58 | B60: 868202 | C60: RITIDECTOMIA ARRUGAS ANGULO EXTERNO DEL OJO VIA CORONAL
A61: 59 | B61: 868203 | C61: RITIDECTOMIA CERVICOFACIAL SIN FRENTE
A62: 60 | B62: 868307 | C62: REDUCCION DE TEJIDO ADIPOSO EN CARA, POR LIPECTOMIA
... A64: 62 | B64: 8694001 | C64: RETIRO DE SUTURA EN PIEL O TEJIDO CELULAR SUBCUTANEO SOD (CIRUGIA PLASTICA)
A65: 63 | B65: 010101 | C65: PUNCION CISTERNAL, VIA LATERAL
A66: 64 | B66: 010102 | C66: PUNCION CISTERNAL, VIA MEDIAL
A67: 65 | B67: 010202 | C67: PUNCION (ASPIRACION DE LIQUIDO) VENTRICULAR POR TREPANACION (SIN CATETER)
A68: 66 | B68: 010203 | C68: PUNCION (ASPIRACION DE LIQUIDO) VENTRICULAR A TRAVES DE UN RESERVORIO
A69: 67 | B69: 010204 | C69: PUNCION (ASPIRACION DE LIQUIDO) VENTRICULAR, VIA TRANSFONTANELAR
A70: 68 | B70: 010205 | C70: PUNCION (ASPIRACION DE LIQUIDO) VENTRICULAR
A71: 69 | B71: 010901 | C71: PUNCION SUBDURAL
A72: 70 | B72: 011101 | C72: BIOPSIA OSEA EN CRANEO POR CRANEOTOMIA
A73: 71 | B73: 011102 | C73: BIOPSIA OSEA EN CRANEO POR CRANIECTOMIA
A74: 72 | B74: 011201 | C74: BIOPSIA DE MENINGE, POR CRANEOTOMIA
A75: 73 | B75: 011301 | C75: 1514 - BIOPSIA DE CEREBRO GUIADA POR NAVEGADOR NIVEL III
A76: 74 | B76: 011306 | C76: 100 - BIOPSIA ESTEREOTAXICA DE CEREBRO
... A194: 192 | B194: 021106 | C194: PLASTIA DURAL CON INJERTO
A195: 193 | B195: 021151VS | C195: TOMA, EMBALAJE Y ENVIO DE MUESTRA (VIRUELA SIMICA) | D195: La tarifa corresponde sólo a los insumos para tomar la muestra de sangre del paciente y los materiales de embalaje para remitirla a la Secretaria de Salud, único Ente autorizado para realizar el procesamiento de la muestra.
A196: 194 | B196: 021152 | C196: EMPAQUE Y ENVIO DE MUESTRAS
A197: 195 | B197: 021201 | C197: CORRECCION FISTULA LCR EN BOVEDA CRANEANA, POR CRANEOTOMIA Y CRANEOPLASTIA
A198: 196 | B198: 021202 | C198: CORRECCION FISTULA LCR EN BOVEDA CRANEANA, POR DUROPLASTIA
A199: 197 | B199: 021203 | C199: CORRECCION FISTULA LCR EN BASE DE CRANEO ANTERIOR, VIA SUBFRONTAL
A200: 198 | B200: 021204 | C200: CORRECCION FISTULA LCR EN BASE DE CRANEO ANTERIOR, VIA TRANSESFENOIDAL
A201: 199 | B201: 021205 | C201: 1902 - RESECCION MINIMAMENTE INVASIVA ENDOSCOPICA DE LESIONES DE BASE DE CRANEO POR VIA ENDONASAL EXTENDIDA NIVEL I (N)
A202: 200 | B202: 021206 | C202: CORRECCION FISTULA LCR EN BASE DE CRANEO MEDIO, POR CRANIECTOMIA
A203: 201 | B203: 021207 | C203: CORRECCION FISTULA LCR EN BASE DE CRANEO MEDIO, VIA TRANSESFENOIDAL
A204: 202 | B204: 021208 | C204: CORRECCION FISTULA LCR EN BASE DE CRANEO POSTERIOR, VIA SUBOCCIPITAL
A205: 203 | B205: 021209 | C205: CORRECCION DE MENINGOCELE, POR CRANIECTOMIA
A206: 204 | B206: 021210 | C206: CORRECCION DE MENINGOCELE, CON CRANEOPLASTIA
A207: 205 | B207: 021211 | C207: CORRECCION DE MENINGOCELE DE FOSA ANTERIOR, POR CRANIECTOMIA Y PLASTIA DE MENINGE
... A243: 242 | B243: 02951 | C243: ENVIO DE MUESTRA SEROLOGICA DE PESO MINIMO A USA
A244: 243 | B244: 03000 | C244: TOMA DE MUESTRA RESPIRATORIA DOMICILIARIA (CERCANA) | D244: La tarifa incluye los insumos y la atención de Auxiliar de Laboratorio y Fisioterapeuta con transporte de una hora. La toma de muestras a domicilio se debe programar llamando al Centro de Contacto, al número 5186000 ext. 8127 La Aplicación de estas tarifas se debe realizar con base a la ubicación de los barrios de Cali, definida en el Anexo Clasificación de Barrios de Cali para Tomas de Muestras Respiratorias Domiciliarias
A245: 244 | B245: 03001 | C245: TOMA DE MUESTRA RESPIRATORIA DOMICILIARIA (MEDIANA) | D245: La tarifa incluye los insumos y la atención de Auxiliar de Laboratorio y Fisioterapeuta con transporte de una y media horas. La toma de muestras a domicilio se debe programar llamando al Centro de Contacto, al número 5186000 ext. 8127 La Aplicación de estas tarifas se debe realizar con base a la ubicación de los barrios de Cali, definida en el Anexo Clasificación de Barrios de Cali para Tomas de Muestras Respiratorias Domiciliarias
A246: 245 | B246: 03002 | C246: TOMA DE MUESTRA RESPIRATORIA DOMICILIARIA (LEJANA) | D246: La tarifa incluye los insumos y la atención de Auxiliar de Laboratorio y Fisioterapeuta con transporte hasta de dos horas. La toma de muestras a domicilio se debe programar llamando al Centro de Contacto, al número 5186000 ext. 8127 Aplica exclusivamente para domicilios en los municipios de Jamundí, Yumbo y Rozo.
A247: 246 | B247: 03003 | C247: TOMA DE MUESTRA RESPIRATORIA EN CARRO O LABORATORIO CMI | D247: La tarifa aplica para la toma de la muestra respiratoria COVID-19, no incluye transporte.
A248: 247 | B248: 030105 | C248: EXTRACCION DE CUERPO EXTRAÑO DEL CANAL RAQUIDEO POR LAMINECTOMIA VIA ABIERTA
A249: 248 | B249: 030108 | C249: EXTRACCION DE CUERPO EXTRAÑO DEL CANAL RAQUIDEO POR HEMILAMINECTOMIA VIA ABIERTA
A250: 249 | B250: 030111 | C250: EXTRACCION DE CUERPO EXTRAÑO DEL CANAL RAQUIDEO POR LAMINOTOMIA VIA ABIERTA
A251: 250 | B251: 030208 | C251: 2057 - EXPLORACION Y DESCOMPRESION DE RAICES EN COLUMNA NIVEL I
A252: 251 | B252: 030210 | C252: EXPLORACION Y DESCOMPRESION DEL CANAL RAQUIDEO Y RAICES ESPINALES HASTA DOS SEGMENTOS POR LAMINECTOMIA VIA ENDOSCOPICA
A253: 252 | B253: 030211 | C253: EXPLORACION Y DESCOMPRESION DEL CANAL RAQUIDEO Y RAICES ESPINALES MAS DE DOS SEGMENTOS POR LAMINECTOMIA VIA ABIERTA
A254: 253 | B254: 030212 | C254: EXPLORACION Y DESCOMPRESION DEL CANAL RAQUIDEO Y RAICES ESPINALES MAS DE DOS SEGMENTOS POR LAMINECTOMIA VIA PERCUTANEA
...
